Workbook

Sheet ProyecciónFinal_2025
B3: COSTOS FINALES - Matriz de Calculo - FDLB-ES-C-120-2025 - IDPyBA
B5: ITEM | C5: PRODUCTO O SERVICIO | D5: ESPECIFICACION TECNICA | E5: DESCRIPCION TECNICA | F5: UNIDAD DE MEDIDA A COTIZAR | G5: CANTIDAD A COTIZAR | H5: VALOR UNITARIO PROMEDIO O MEDIANA (INCLUIDO IVA SI APLICA) | I5: VALOR PROMEDIO O MEDIANA TOTAL (INCLUIDO IVA SI APLICA) | J5: FUENTE DE CONSULTA | K5: DESVIACIÓN ESTÁNDAR | L5: SI DESVEST ES >15% SE PROMEDIA CON MEDIANA | M5: Tecnica Utilizada
B6: =CosteoIndividual!B5 -> 1 | C6: =CosteoIndividual!C5 -> Esterilización quirúrgica | D6: =CosteoIndividual!D5 -> La esterilización para hembras (ovario histerectomia latero lateral derecha) y machos (orquiectomía) procedimientos tanto en caninos como en felinos. | E6: =CosteoIndividual!E5 -> Incluye todo lo necesario y requerido para realizar el procedimiento (infraestructura, insumos, personal medico y logistico), (el procedimeinto se realizara en UMQ) | F6: =CosteoIndividual!F5 -> Unidad | G6: =CosteoIndividual!G5 -> 1 | H6: =CosteoIndividual!K5 -> 197314 | I6: =CosteoIndividual!L5 -> 197314 | J6: =CosteoIndividual!M5 -> Proceso FDLB-ES-C-120-2025 - PYBA | K6: =CosteoIndividual!N5 -> 2970.8291 | L6: =CosteoIndividual!O5 -> 0.015056363 | M6: =IF(L6="","",IF(L6<0.15,"Promedio","Mediana")) -> Promedio
B7: =CosteoIndividual!B6 -> 2 | C7: =CosteoIndividual!C6 -> Suministro e implantación de microchip de identificación | D7: =CosteoIndividual!D6 -> Microchip Hitag- S256- Estándar ISO 11784/85 FDX-B, Frecuencia 132.2 kHz, Período de validez: toda la vida, tipo de recubrimiento del microchip: Parylene, Temperatura de funcionamiento -10°C hasta 45°C, certificado del comité Internacional de Registro de Animales (ICAR), tipo de esterilización Gas EO, material del aplicador: Polipropileno, dimensiones del microchip: Longitud: 8.0 a 12.0 mm +- 0.6mm, temperatura de almacenamiento -20°C hasta 50°C Se implantará el microchip bajo la piel de los animales mediante una inyección, procedimiento para caninos y felinos | E7: =CosteoIndividual!E6 -> INCLUYE MEDICAMENTO, MATERIALES Y/O INSUMOS, DILIGENCIAMIENTO DE DOCUMENTACIÓN FÍSICA Y/O DIGITAL RELACIONADA. | F7: =CosteoIndividual!F6 -> Unidad | G7: =CosteoIndividual!G6 -> 1 | H7: =CosteoIndividual!K6 -> 33089 | I7: =CosteoIndividual!L6 -> 33089 | J7: =CosteoIndividual!M6 -> Proceso FDLB-ES-C-120-2025 - PYBA | K7: =CosteoIndividual!N6 -> 341.86888 | L7: =CosteoIndividual!O6 -> 0.010331695 | M7: =IF(L7="","",IF(L7<0.15,"Promedio","Mediana")) -> Promedio
B8: =CosteoIndividual!B7 -> 3 | C8: =CosteoIndividual!C7 -> Suministro de Lector de Microchips | D8: =CosteoIndividual!D7 -> Lector de Microchips (un escáner lector de microchips de identificación de mascotas compatible con protocolo de 10 dígitos FDX-B de 15 dígitos y FDX-A (FECAVA) | E8: =CosteoIndividual!E7 -> 0 | F8: =CosteoIndividual!F7 -> Unidad | G8: =CosteoIndividual!G7 -> 1 | H8: =CosteoIndividual!K7 -> 301667 | I8: =CosteoIndividual!L7 -> 301667 | J8: =CosteoIndividual!M7 -> Proceso FDLB-ES-C-120-2025 - PYBA | K8: =CosteoIndividual!N7 -> 17559.423 | L8: =CosteoIndividual!O7 -> 0.058208032 | M8: =IF(L8="","",IF(L8<0.15,"Promedio","Mediana")) -> Promedio
B9: =CosteoIndividual!B8 -> 4 | C9: =CosteoIndividual!C8 -> VALORACIÓN MEDICO VETERINARIA | D9: =CosteoIndividual!D8 -> La valoración médico veterinaria incluye: Evaluación del estado general (observación de nivel de alerta, postura, movilidad, y apariencia general). Toma de constantes vitales (temperatura rectal, frecuencia cardiaca y frecuencia respiratoria) y ascultación del tórax. Revisión cabeza y cuello (ojos, oidos, nariz, boca, dientes, encias y ganglios linfáticos). Palpación de musculos, huesos, articulaciones piel, abdomen y evaluacion de extremidades (movilidad, fuerza muscular y reflejos) | E9: =CosteoIndividual!E8 -> INCLUYE EXPLORACIÓN CLÍNICA VETERINARIA COMPLETA, DILIGENCIAMIENTO DE FORMATO FÍSICO O DIGITAL | F9: =CosteoIndividual!F8 -> unidad | G9: =CosteoIndividual!G8 -> 1 | H9: =CosteoIndividual!K8 -> 146009 | I9: =CosteoIndividual!L8 -> 146009 | J9: =CosteoIndividual!M8 -> Proceso FDLB-ES-C-120-2025 - PYBA | K9: =CosteoIndividual!N8 -> 3040.3436 | L9: =CosteoIndividual!O8 -> 0.020823038 | M9: =IF(L9="","",IF(L9<0.15,"Promedio","Mediana")) -> Promedio
B10: =CosteoIndividual!B9 -> 5 | C10: =CosteoIndividual!C9 -> Vacunación caninos | D10: =CosteoIndividual!D9 -> Vacuna Triple Canina (inmunización activa contra moquillo, hepatitis infecciosa y complejo respiratorio causado por adenovirus tipo 2 y leptospirosis canina) | E10: =CosteoIndividual!E9 -> INCLUYE MEDICAMENTO, MATERIALES Y/O INSUMOS, DILIGENCIAMIENTO DE DOCUMENTACIÓN FÍSICA Y/O DIGITAL RELACIONADA. | F10: =CosteoIndividual!F9 -> unidad | G10: =CosteoIndividual!G9 -> 1 | H10: =CosteoIndividual!K9 -> 48025 | I10: =CosteoIndividual!L9 -> 48025 | J10: =CosteoIndividual!M9 -> Proceso FDLB-ES-C-120-2025 - PYBA | K10: =CosteoIndividual!N9 -> 8969.404 | L10: =CosteoIndividual!O9 -> 0.20694645 | M10: =IF(L10="","",IF(L10<0.15,"Promedio","Mediana")) -> Mediana
B11: =CosteoIndividual!B10 -> 6 | C11: =CosteoIndividual!C10 -> Vacunación caninos | D11: =CosteoIndividual!D10 -> Vacuna Parvovirus (vacuna contra parvovirosis canina) | E11: =CosteoIndividual!E10 -> 0 | F11: =CosteoIndividual!F10 -> unidad | G11: =CosteoIndividual!G10 -> 1 | H11: =CosteoIndividual!K10 -> 103148 | I11: =CosteoIndividual!L10 -> 103148 | J11: =CosteoIndividual!M10 -> Proceso FDLB-ES-C-120-2025 - PYBA | K11: =CosteoIndividual!N10 -> 105583.78 | L11: =CosteoIndividual!O10 -> 0.64740372 | M11: =IF(L11="","",IF(L11<0.15,"Promedio","Mediana")) -> Mediana
B12: =CosteoIndividual!B11 -> 7 | C12: =CosteoIndividual!C11 -> Vacunación caninos | D12: =CosteoIndividual!D11 -> Vacuna Pentavalente (contra cinco enfermedades infecciosas comunes: moquillo, hepatitis, parvovirus, parainfluenza y leptospirosis | E12: =CosteoIndividual!E11 -> 0 | F12: =CosteoIndividual!F11 -> unidad | G12: =CosteoIndividual!G11 -> 1 | H12: =CosteoIndividual!K11 -> 99297 | I12: =CosteoIndividual!L11 -> 99297 | J12: =CosteoIndividual!M11 -> Proceso FDLB-ES-C-120-2025 - PYBA | K12: =CosteoIndividual!N11 -> 2035.3298 | L12: =CosteoIndividual!O11 -> 0.020497449 | M12: =IF(L12="","",IF(L12<0.15,"Promedio","Mediana")) -> Promedio
B13: =CosteoIndividual!B12 -> 8 | C13: =CosteoIndividual!C12 -> Vacunación caninos | D13: =CosteoIndividual!D12 -> Vacuna tos de las perreras (Complejo Respiratorio causado por Adenovirus tipo 2 y Parainfluenza) | E13: =CosteoIndividual!E12 -> 0 | F13: =CosteoIndividual!F12 -> unidad | G13: =CosteoIndividual!G12 -> 1 | H13: =CosteoIndividual!K12 -> 92239 | I13: =CosteoIndividual!L12 -> 92239 | J13: =CosteoIndividual!M12 -> Proceso FDLB-ES-C-120-2025 - PYBA | K13: =CosteoIndividual!N12 -> 1950.4275 | L13: =CosteoIndividual!O12 -> 0.021145254 | M13: =IF(L13="","",IF(L13<0.15,"Promedio","Mediana")) -> Promedio
B14: =CosteoIndividual!B13 -> 9 | C14: =CosteoIndividual!C13 -> Vacunación felinos | D14: =CosteoIndividual!D13 -> Vacuna Leucemia felina (La vacunación con este producto previene la viremia persistente en gatos que se han expuesto al virus virulento de la Leucemia Felina) | E14: =CosteoIndividual!E13 -> INCLUYE MEDICAMENTO, MATERIALES Y/O INSUMOS, DILIGENCIAMIENTO DE DOCUMENTACIÓN FÍSICA Y/O DIGITAL RELACIONADA. | F14: =CosteoIndividual!F13 -> unidad | G14: =CosteoIndividual!G13 -> 1 | H14: =CosteoIndividual!K13 -> 105520 | I14: =CosteoIndividual!L13 -> 105520 | J14: =CosteoIndividual!M13 -> Proceso FDLB-ES-C-120-2025 - PYBA | K14: =CosteoIndividual!N13 -> 2679.0959 | L14: =CosteoIndividual!O13 -> 0.025389563 | M14: =IF(L14="","",IF(L14<0.15,"Promedio","Mediana")) -> Promedio
B15: =CosteoIndividual!B14 -> 10 | C15: =CosteoIndividual!C14 -> Vacunación felinos | D15: =CosteoIndividual!D14 -> Vacuna triple felina (Vacuna que protege a los felinos contra el moquillo (panleucopenia), la gripe felina (rinotraqueítis) y la calicivirus | E15: =CosteoIndividual!E14 -> 0 | F15: =CosteoIndividual!F14 -> unidad | G15: =CosteoIndividual!G14 -> 1 | H15: =CosteoIndividual!K14 -> 111807 | I15: =CosteoIndividual!L14 -> 111807 | J15: =CosteoIndividual!M14 -> Proceso FDLB-ES-C-120-2025 - PYBA | K15: =CosteoIndividual!N14 -> 2281.7365 | L15: =CosteoIndividual!O14 -> 0.020407894 | M15: =IF(L15="","",IF(L15<0.15,"Promedio","Mediana")) -> Promedio
B16: =CosteoIndividual!B15 -> 11 | C16: =CosteoIndividual!C15 -> Desparasitación interna de caninos y felinos | D16: =CosteoIndividual!D15 -> Desparasitación interna paciente talla pequeña (0 kg –10 kg) con la siguiente composición: (pirantel 5% + febantel 15% + praziquantel 5% - mezcla de tetrahidropirimidina + probenzimidazol + isoquinolina) | E16: =CosteoIndividual!E15 -> INCLUYE MEDICAMENTO DE AMPLIO ESPECTRO, MATERIALES Y/O INSUMOS, DILIGENCIAMIENTO DE DOCUMENTACIÓN FÍSICA Y/O DIGITAL RELACIONADA. | F16: =CosteoIndividual!F15 -> unidad | G16: =CosteoIndividual!G15 -> 1 | H16: =CosteoIndividual!K15 -> 43082 | I16: =CosteoIndividual!L15 -> 43082 | J16: =CosteoIndividual!M15 -> Proceso FDLB-ES-C-120-2025 - PYBA | K16: =CosteoIndividual!N15 -> 1491.1396 | L16: =CosteoIndividual!O15 -> 0.034611897 | M16: =IF(L16="","",IF(L16<0.15,"Promedio","Mediana")) -> Promedio
B17: =CosteoIndividual!B16 -> 12 | C17: =CosteoIndividual!C16 -> Desparasitación interna de caninos y felinos | D17: =CosteoIndividual!D16 -> Desparasitación interna paciente talla mediana (10 kg –25 kg) con la siguiente composición: (pirantel 5% + febantel 15% + praziquantel 5% - mezcla de tetrahidropirimidina + probenzimidazol + isoquinolina) | E17: =CosteoIndividual!E16 -> 0 | F17: =CosteoIndividual!F16 -> unidad | G17: =CosteoIndividual!G16 -> 1 | H17: =CosteoIndividual!K16 -> 55226 | I17: =CosteoIndividual!L16 -> 55226 | J17: =CosteoIndividual!M16 -> Proceso FDLB-ES-C-120-2025 - PYBA | K17: =CosteoIndividual!N16 -> 278785.83 | L17: =CosteoIndividual!O16 -> 1.2961457 | M17: =IF(L17="","",IF(L17<0.15,"Promedio","Mediana")) -> Mediana
... B298: =CosteoIndividual!B297 -> 293 | C298: =CosteoIndividual!C297 -> Nutricionista animal | D298: =CosteoIndividual!D297 -> Título profesional médico veterinario, médico veterinario zootecnista y/o zootecnista. Experiencia profesional mínima de tres (3) años a partir de la expedición de la tarjeta profesional. | E298: =CosteoIndividual!E297 -> Experiencia específica mínima de dos (2) años en nutrición animal en especies pequeñas. | F298: =CosteoIndividual!F297 -> Día | G298: =CosteoIndividual!G297 -> 1 | H298: =CosteoIndividual!K297 -> 537313 | I298: =CosteoIndividual!L297 -> 537313 | J298: =CosteoIndividual!M297 -> Proceso FDLB-ES-C-120-2025 - PYBA | K298: =CosteoIndividual!N297 -> 13642.018 | L298: =CosteoIndividual!O297 -> 0.025389343 | M298: =IF(L298="","",IF(L298<0.15,"Promedio","Mediana")) -> Promedio
H299: =SUM(H6:H298) -> 141604738 | I299: =SUM(I6:I298) -> 145044468
I302: Elaborado por: | J302: Lilian Adriana Mora Vanegas
J303: Profesional Planeación
J304: Lilian.mora@GobiernoBogota.Gov.Co

Sheet CosteoIndividual
B2: RESUMEN COTIZACIONES DE PRECIOS - Matriz de Calculo - FDLB-ES-C-120-2025 - IDPyBA
H3: IMPULSAR FUNDACION SOCIAL NIT: 900164390-6 | I3: DIRECCION Y GESTION DE PROYECTOS SAS NIT 901352122 | J3: AMCI Ingenieros SAS
B4: ITEM | C4: PRODUCTO O SERVICIO | D4: ESPECIFICACION TECNICA | E4: DESCRIPCION TECNICA | F4: UNIDAD DE MEDIDA A COTIZAR | G4: CANTIDAD A COTIZAR | H4: Cotización 1 VALOR UNITARIO (INCLUIDO IVA SI APLICA) | I4: Cotización 2 VALOR UNITARIO (INCLUIDO IVA SI APLICA) | J4: Cotización 3 VALOR UNITARIO (INCLUIDO IVA SI APLICA) | K4: VALOR UNITARIO PROMEDIO O MEDIANA (INCLUIDO IVA SI APLICA) | L4: VALOR PROMEDIO O MEDIANA TOTAL (INCLUIDO IVA SI APLICA) | M4: FUENTE DE CONSULTA | N4: DESVIACIÓN ESTÁNDAR | O4: SI DESVEST ES >15% SE PROMEDIA CON MEDIANA | Q4: Cotizaciones Elemento | R4: Probabilidad Ahorro
B5: 1 | C5: Esterilización quirúrgica | D5: La esterilización para hembras (ovario histerectomia latero lateral derecha) y machos (orquiectomía) procedimientos tanto en caninos como en felinos. | E5: Incluye todo lo necesario y requerido para realizar el procedimiento (infraestructura, insumos, personal medico y logistico), (el procedimeinto se realizara en UMQ) | F5: Unidad | G5: 1 | H5: 199881.59 | I5: 198000 | J5: 194060 | K5: =IFERROR(IF(O5>(0.15),ROUND(MEDIAN(H5:J5),0),ROUND(AVERAGE(H5:J5),0)),"") -> 197314 | L5: =IFERROR(K5*G5,"") -> 197314 | M5: Proceso FDLB-ES-C-120-2025 - PYBA | N5: =IFERROR(STDEV(H5:J5),"") -> 2970.8291 | O5: =IFERROR(N5/AVERAGE(H5:J5),"") -> 0.015056363 | Q5: =COUNTIF(H5:J5,">0") -> 3 | R5: =1-(MIN(H5:J5)/K5) -> 0.016491481
B6: 2 | C6: Suministro e implantación de microchip de identificación | D6: Microchip Hitag- S256- Estándar ISO 11784/85 FDX-B, Frecuencia 132.2 kHz, Período de validez: toda la vida, tipo de recubrimiento del microchip: Parylene, Temperatura de funcionamiento -10°C hasta 45°C, certificado del comité Internacional de Registro de Animales (ICAR), tipo de esterilización Gas EO, material del aplicador: Polipropileno, dimensiones del microchip: Longitud: 8.0 a 12.0 mm +- 0.6mm, temperatura de almacenamiento -20°C hasta 50°C Se implantará el microchip bajo la piel de los animales mediante una inyección, procedimiento para caninos y felinos | E6: INCLUYE MEDICAMENTO, MATERIALES Y/O INSUMOS, DILIGENCIAMIENTO DE DOCUMENTACIÓN FÍSICA Y/O DIGITAL RELACIONADA. | F6: Unidad | G6: 1 | H6: 33000 | I6: 33467 | J6: 32801 | K6: =IFERROR(IF(O6>(0.15),ROUND(MEDIAN(H6:J6),0),ROUND(AVERAGE(H6:J6),0)),"") -> 33089 | L6: =IFERROR(K6*G6,"") -> 33089 | M6: Proceso FDLB-ES-C-120-2025 - PYBA | N6: =IFERROR(STDEV(H6:J6),"") -> 341.86888 | O6: =IFERROR(N6/AVERAGE(H6:J6),"") -> 0.010331695 | Q6: =COUNTIF(H6:J6,">0") -> 3 | R6: =1-(MIN(H6:J6)/K6) -> 0.0087037988
B7: 3 | C7: Suministro de Lector de Microchips | D7: Lector de Microchips (un escáner lector de microchips de identificación de mascotas compatible con protocolo de 10 dígitos FDX-B de 15 dígitos y FDX-A (FECAVA) | F7: Unidad | G7: 1 | H7: 285000 | I7: 300000 | J7: 320000 | K7: =IFERROR(IF(O7>(0.15),ROUND(MEDIAN(H7:J7),0),ROUND(AVERAGE(H7:J7),0)),"") -> 301667 | L7: =IFERROR(K7*G7,"") -> 301667 | M7: Proceso FDLB-ES-C-120-2025 - PYBA | N7: =IFERROR(STDEV(H7:J7),"") -> 17559.423 | O7: =IFERROR(N7/AVERAGE(H7:J7),"") -> 0.058208032 | Q7: =COUNTIF(H7:J7,">0") -> 3 | R7: =1-(MIN(H7:J7)/K7) -> 0.055249663
B8: 4 | C8: VALORACIÓN MEDICO VETERINARIA | D8: La valoración médico veterinaria incluye: Evaluación del estado general (observación de nivel de alerta, postura, movilidad, y apariencia general). Toma de constantes vitales (temperatura rectal, frecuencia cardiaca y frecuencia respiratoria) y ascultación del tórax. Revisión cabeza y cuello (ojos, oidos, nariz, boca, dientes, encias y ganglios linfáticos). Palpación de musculos, huesos, articulaciones piel, abdomen y evaluacion de extremidades (movilidad, fuerza muscular y reflejos) | E8: INCLUYE EXPLORACIÓN CLÍNICA VETERINARIA COMPLETA, DILIGENCIAMIENTO DE FORMATO FÍSICO O DIGITAL | F8: unidad | G8: 1 | H8: 146900.95 | I8: 148503 | J8: 142622 | K8: =IFERROR(IF(O8>(0.15),ROUND(MEDIAN(H8:J8),0),ROUND(AVERAGE(H8:J8),0)),"") -> 146009 | L8: =IFERROR(K8*G8,"") -> 146009 | M8: Proceso FDLB-ES-C-120-2025 - PYBA | N8: =IFERROR(STDEV(H8:J8),"") -> 3040.3436 | O8: =IFERROR(N8/AVERAGE(H8:J8),"") -> 0.020823038 | Q8: =COUNTIF(H8:J8,">0") -> 3 | R8: =1-(MIN(H8:J8)/K8) -> 0.0231972
B9: 5 | C9: Vacunación caninos | D9: Vacuna Triple Canina (inmunización activa contra moquillo, hepatitis infecciosa y complejo respiratorio causado por adenovirus tipo 2 y leptospirosis canina) | E9: INCLUYE MEDICAMENTO, MATERIALES Y/O INSUMOS, DILIGENCIAMIENTO DE DOCUMENTACIÓN FÍSICA Y/O DIGITAL RELACIONADA. | F9: unidad | G9: 1 | H9: 33000 | I9: 49000 | J9: 48025 | K9: =IFERROR(IF(O9>(0.15),ROUND(MEDIAN(H9:J9),0),ROUND(AVERAGE(H9:J9),0)),"") -> 48025 | L9: =IFERROR(K9*G9,"") -> 48025 | M9: Proceso FDLB-ES-C-120-2025 - PYBA | N9: =IFERROR(STDEV(H9:J9),"") -> 8969.404 | O9: =IFERROR(N9/AVERAGE(H9:J9),"") -> 0.20694645 | Q9: =COUNTIF(H9:J9,">0") -> 3 | R9: =1-(MIN(H9:J9)/K9) -> 0.31285789
B10: 6 | C10: Vacunación caninos | D10: Vacuna Parvovirus (vacuna contra parvovirosis canina) | F10: unidad | G10: 1 | H10: 285000 | I10: 101116 | J10: 103148 | K10: =IFERROR(IF(O10>(0.15),ROUND(MEDIAN(H10:J10),0),ROUND(AVERAGE(H10:J10),0)),"") -> 103148 | L10: =IFERROR(K10*G10,"") -> 103148 | M10: Proceso FDLB-ES-C-120-2025 - PYBA | N10: =IFERROR(STDEV(H10:J10),"") -> 105583.78 | O10: =IFERROR(N10/AVERAGE(H10:J10),"") -> 0.64740372 | Q10: =COUNTIF(H10:J10,">0") -> 3 | R10: =1-(MIN(H10:J10)/K10) -> 0.019699849
B11: 7 | C11: Vacunación caninos | D11: Vacuna Pentavalente (contra cinco enfermedades infecciosas comunes: moquillo, hepatitis, parvovirus, parainfluenza y leptospirosis | F11: unidad | G11: 1 | H11: 99930.212 | I11: 97020 | J11: 100940 | K11: =IFERROR(IF(O11>(0.15),ROUND(MEDIAN(H11:J11),0),ROUND(AVERAGE(H11:J11),0)),"") -> 99297 | L11: =IFERROR(K11*G11,"") -> 99297 | M11: Proceso FDLB-ES-C-120-2025 - PYBA | N11: =IFERROR(STDEV(H11:J11),"") -> 2035.3298 | O11: =IFERROR(N11/AVERAGE(H11:J11),"") -> 0.020497449 | Q11: =COUNTIF(H11:J11,">0") -> 3 | R11: =1-(MIN(H11:J11)/K11) -> 0.022931206
B12: 8 | C12: Vacunación caninos | D12: Vacuna tos de las perreras (Complejo Respiratorio causado por Adenovirus tipo 2 y Parainfluenza) | F12: unidad | G12: 1 | H12: 91597.478 | I12: 94430 | J12: 90691 | K12: =IFERROR(IF(O12>(0.15),ROUND(MEDIAN(H12:J12),0),ROUND(AVERAGE(H12:J12),0)),"") -> 92239 | L12: =IFERROR(K12*G12,"") -> 92239 | M12: Proceso FDLB-ES-C-120-2025 - PYBA | N12: =IFERROR(STDEV(H12:J12),"") -> 1950.4275 | O12: =IFERROR(N12/AVERAGE(H12:J12),"") -> 0.021145254 | Q12: =COUNTIF(H12:J12,">0") -> 3 | R12: =1-(MIN(H12:J12)/K12) -> 0.016782489
B13: 9 | C13: Vacunación felinos | D13: Vacuna Leucemia felina (La vacunación con este producto previene la viremia persistente en gatos que se han expuesto al virus virulento de la Leucemia Felina) | E13: INCLUYE MEDICAMENTO, MATERIALES Y/O INSUMOS, DILIGENCIAMIENTO DE DOCUMENTACIÓN FÍSICA Y/O DIGITAL RELACIONADA. | F13: unidad | G13: 1 | H13: 102685.73 | I13: 108011 | J13: 105862 | K13: =IFERROR(IF(O13>(0.15),ROUND(MEDIAN(H13:J13),0),ROUND(AVERAGE(H13:J13),0)),"") -> 105520 | L13: =IFERROR(K13*G13,"") -> 105520 | M13: Proceso FDLB-ES-C-120-2025 - PYBA | N13: =IFERROR(STDEV(H13:J13),"") -> 2679.0959 | O13: =IFERROR(N13/AVERAGE(H13:J13),"") -> 0.025389563 | Q13: =COUNTIF(H13:J13,">0") -> 3 | R13: =1-(MIN(H13:J13)/K13) -> 0.026859992
B14: 10 | C14: Vacunación felinos | D14: Vacuna triple felina (Vacuna que protege a los felinos contra el moquillo (panleucopenia), la gripe felina (rinotraqueítis) y la calicivirus | F14: unidad | G14: 1 | H14: 109513.69 | I14: 111829 | J14: 114077 | K14: =IFERROR(IF(O14>(0.15),ROUND(MEDIAN(H14:J14),0),ROUND(AVERAGE(H14:J14),0)),"") -> 111807 | L14: =IFERROR(K14*G14,"") -> 111807 | M14: Proceso FDLB-ES-C-120-2025 - PYBA | N14: =IFERROR(STDEV(H14:J14),"") -> 2281.7365 | O14: =IFERROR(N14/AVERAGE(H14:J14),"") -> 0.020407894 | Q14: =COUNTIF(H14:J14,">0") -> 3 | R14: =1-(MIN(H14:J14)/K14) -> 0.020511306
B15: 11 | C15: Desparasitación interna de caninos y felinos | D15: Desparasitación interna paciente talla pequeña (0 kg –10 kg) con la siguiente composición: (pirantel 5% + febantel 15% + praziquantel 5% - mezcla de tetrahidropirimidina + probenzimidazol + isoquinolina) | E15: INCLUYE MEDICAMENTO DE AMPLIO ESPECTRO, MATERIALES Y/O INSUMOS, DILIGENCIAMIENTO DE DOCUMENTACIÓN FÍSICA Y/O DIGITAL RELACIONADA. | F15: unidad | G15: 1 | H15: 44505.118 | I15: 41531 | J15: 43209 | K15: =IFERROR(IF(O15>(0.15),ROUND(MEDIAN(H15:J15),0),ROUND(AVERAGE(H15:J15),0)),"") -> 43082 | L15: =IFERROR(K15*G15,"") -> 43082 | M15: Proceso FDLB-ES-C-120-2025 - PYBA | N15: =IFERROR(STDEV(H15:J15),"") -> 1491.1396 | O15: =IFERROR(N15/AVERAGE(H15:J15),"") -> 0.034611897 | Q15: =COUNTIF(H15:J15,">0") -> 3 | R15: =1-(MIN(H15:J15)/K15) -> 0.036001114
B16: 12 | C16: Desparasitación interna de caninos y felinos | D16: Desparasitación interna paciente talla mediana (10 kg –25 kg) con la siguiente composición: (pirantel 5% + febantel 15% + praziquantel 5% - mezcla de tetrahidropirimidina + probenzimidazol + isoquinolina) | F16: unidad | G16: 1 | H16: 537000 | I16: 55226 | J16: 53039 | K16: =IFERROR(IF(O16>(0.15),ROUND(MEDIAN(H16:J16),0),ROUND(AVERAGE(H16:J16),0)),"") -> 55226 | L16: =IFERROR(K16*G16,"") -> 55226 | M16: Proceso FDLB-ES-C-120-2025 - PYBA | N16: =IFERROR(STDEV(H16:J16),"") -> 278785.83 | O16: =IFERROR(N16/AVERAGE(H16:J16),"") -> 1.2961457 | Q16: =COUNTIF(H16:J16,">0") -> 3 | R16: =1-(MIN(H16:J16)/K16) -> 0.039600913
B17: 13 | C17: Desparasitación interna de caninos y felinos | D17: Desparasitación interna paciente talla grande(>25 kg) con la siguiente composición: (pirantel 5% + febantel 15% + praziquantel 5% - mezcla de tetrahidropirimidina + probenzimidazol + isoquinolina) | F17: unidad | G17: 1 | H17: 789000 | I17: 61793 | J17: 60563 | K17: =IFERROR(IF(O17>(0.15),ROUND(MEDIAN(H17:J17),0),ROUND(AVERAGE(H17:J17),0)),"") -> 61793 | L17: =IFERROR(K17*G17,"") -> 61793 | M17: Proceso FDLB-ES-C-120-2025 - PYBA | N17: =IFERROR(STDEV(H17:J17),"") -> 420208.68 | O17: =IFERROR(N17/AVERAGE(H17:J17),"") -> 1.3832422 | Q17: =COUNTIF(H17:J17,">0") -> 3 | R17: =1-(MIN(H17:J17)/K17) -> 0.019905167
B18: 14 | C18: Desparasitación externa de caninos y felinos | D18: Desparasitación externa paciente talla pequeña (0 kg –10 kg) esafoxolaner, eprinomectina, fluralaner, sarolaner (via oral) | E18: INCLUYE PERSONAL MÉDICO, MEDICAMENTO, MATERIALES Y/O INSUMOS, DILIGENCIAMIENTO DE DOCUMENTACIÓN FÍSICA Y/O DIGITAL RELACIONADA. | F18: unidad | G18: 1 | H18: 67905.609 | I18: 67240 | J18: 68592 | K18: =IFERROR(IF(O18>(0.15),ROUND(MEDIAN(H18:J18),0),ROUND(AVERAGE(H18:J18),0)),"") -> 67913 | L18: =IFERROR(K18*G18,"") -> 67913 | M18: Proceso FDLB-ES-C-120-2025 - PYBA | N18: =IFERROR(STDEV(H18:J18),"") -> 676.02662 | O18: =IFERROR(N18/AVERAGE(H18:J18),"") -> 0.0099543716 | Q18: =COUNTIF(H18:J18,">0") -> 3 | R18: =1-(MIN(H18:J18)/K18) -> 0.0099097375
B19: 15 | C19: Desparasitación externa de caninos y felinos | D19: Desparasitación externa paciente talla mediana (>10 kg -25 kg) esafoxolaner, eprinomectina, fluralaner, sarolaner (via oral) | F19: unidad | G19: 1 | H19: 84679.04 | I19: 80585 | J19: 83841 | K19: =IFERROR(IF(O19>(0.15),ROUND(MEDIAN(H19:J19),0),ROUND(AVERAGE(H19:J19),0)),"") -> 83035 | L19: =IFERROR(K19*G19,"") -> 83035 | M19: Proceso FDLB-ES-C-120-2025 - PYBA | N19: =IFERROR(STDEV(H19:J19),"") -> 2162.7534 | O19: =IFERROR(N19/AVERAGE(H19:J19),"") -> 0.026046282 | Q19: =COUNTIF(H19:J19,">0") -> 3 | R19: =1-(MIN(H19:J19)/K19) -> 0.02950563
B20: 16 | C20: Desparasitación externa de caninos y felinos | D20: Desparasitación externa paciente talla grande (>25 kg) con: esafoxolaner, eprinomectina, fluralaner, sarolaner (via oral) | F20: unidad | G20: 1 | H20: 89793.904 | I20: 96388 | J20: 92571 | K20: =IFERROR(IF(O20>(0.15),ROUND(MEDIAN(H20:J20),0),ROUND(AVERAGE(H20:J20),0)),"") -> 92918 | L20: =IFERROR(K20*G20,"") -> 92918 | M20: Proceso FDLB-ES-C-120-2025 - PYBA | N20: =IFERROR(STDEV(H20:J20),"") -> 3310.686 | O20: =IFERROR(N20/AVERAGE(H20:J20),"") -> 0.03563033 | Q20: =COUNTIF(H20:J20,">0") -> 3 | R20: =1-(MIN(H20:J20)/K20) -> 0.033622074
B21: 17 | C21: Suplementos Nutricionales | D21: Ácido pantoténico, Biotina, Tiamina clorhidrato (B1), Riboflavina (B2), Piridoxina clorhidrato (B6), Cianocobalamina (B12), Niacinamida, Glicerofosfato de calcio, Glicerofosfato de manganeso, Glicerofosfato de potasio 75%, Glicerofosfato de sodio, Ácido cítrico anhidro, Ácido láctico | E21: Frasco 100 ml | F21: Mililitro | G21: 1 | H21: 14113.44 | I21: 15000 | J21: 14702 | K21: =IFERROR(IF(O21>(0.15),ROUND(MEDIAN(H21:J21),0),ROUND(AVERAGE(H21:J21),0)),"") -> 14605 | L21: =IFERROR(K21*G21,"") -> 14605 | M21: Proceso FDLB-ES-C-120-2025 - PYBA | N21: =IFERROR(STDEV(H21:J21),"") -> 451.14586 | O21: =IFERROR(N21/AVERAGE(H21:J21),"") -> 0.030889512 | Q21: =COUNTIF(H21:J21,">0") -> 3 | R21: =1-(MIN(H21:J21)/K21) -> 0.033656967
B22: 18 | C22: VALORACIÓN MEDICO VETERINARIA | D22: La valoración médico veterinaria incluye: Evaluación del estado general (observación de nivel de alerta, postura, movilidad, y apariencia general). Toma de constantes vitales (temperatura rectal, frecuencia cardiaca y frecuencia respiratoria) y ascultación del tórax. Revisión cabeza y cuello (ojos, oidos, nariz, boca, dientes, encias y ganglios linfáticos). Palpación de musculos, huesos, articulaciones piel, abdomen y evaluacion de extremidades (movilidad, fuerza muscular y reflejos) | E22: INCLUYE EXPLORACIÓN CLÍNICA VETERINARIA COMPLETA, DILIGENCIAMIENTO DE FORMATO FÍSICO O DIGITAL | F22: Unidad | G22: 1 | H22: 142622.28 | I22: 145532.94 | J22: 148503 | K22: =IFERROR(IF(O22>(0.15),ROUND(MEDIAN(H22:J22),0),ROUND(AVERAGE(H22:J22),0)),"") -> 145553 | L22: =IFERROR(K22*G22,"") -> 145553 | M22: Proceso FDLB-ES-C-120-2025 - PYBA | N22: =IFERROR(STDEV(H22:J22),"") -> 2940.4094 | O22: =IFERROR(N22/AVERAGE(H22:J22),"") -> 0.020201677 | Q22: =COUNTIF(H22:J22,">0") -> 3 | R22: =1-(MIN(H22:J22)/K22) -> 0.020135063
B23: 19 | C23: Hospitalización | D23: HOSPITALIZACIÓN DIARIA PACIENTE TALLA PEQUEÑO (0 KG – 10 KG) | E23: INCLUYE PERSONAL MÉDICO, CANIL Ó GATIL, TODOS LOS INSUMOS, ALIMENTOS Y/O MEDICAMENTOS QUE REQUIERE EL PACIENTE PARA SU ADECUARA RECUPERACIÓN DILIGENCIAMIENTO DE DOCUMENTACIÓN FÍSICA Y/O DIGITAL RELACIONADA. | F23: Unidad | G23: 1 | H23: 247844.52 | I23: 245390.61 | J23: 242961 | K23: =IFERROR(IF(O23>(0.15),ROUND(MEDIAN(H23:J23),0),ROUND(AVERAGE(H23:J23),0)),"") -> 245399 | L23: =IFERROR(K23*G23,"") -> 245399 | M23: Proceso FDLB-ES-C-120-2025 - PYBA | N23: =IFERROR(STDEV(H23:J23),"") -> 2441.7681 | O23: =IFERROR(N23/AVERAGE(H23:J23),"") -> 0.0099502077 | Q23: =COUNTIF(H23:J23,">0") -> 3 | R23: =1-(MIN(H23:J23)/K23) -> 0.0099348408
B24: 20 | C24: Hospitalización | D24: HOSPITALIZACIÓN DIARIA PACIENTE TALLA MEDIANA (>10 KG – 25 KG) | F24: Unidad | G24: 1 | H24: 300135.13 | I24: 307830.9 | J24: 315724 | K24: =IFERROR(IF(O24>(0.15),ROUND(MEDIAN(H24:J24),0),ROUND(AVERAGE(H24:J24),0)),"") -> 307897 | L24: =IFERROR(K24*G24,"") -> 307897 | M24: Proceso FDLB-ES-C-120-2025 - PYBA | N24: =IFERROR(STDEV(H24:J24),"") -> 7794.6444 | O24: =IFERROR(N24/AVERAGE(H24:J24),"") -> 0.02531578 | Q24: =COUNTIF(H24:J24,">0") -> 3 | R24: =1-(MIN(H24:J24)/K24) -> 0.025209315
B25: 21 | C25: Hospitalización | D25: HOSPITALIZACIÓN DIARIA PACIENTE TALLA GRANDE (>25 KG) | F25: Unidad | G25: 1 | H25: 366947.28 | I25: 349473.6 | J25: 332832 | K25: =IFERROR(IF(O25>(0.15),ROUND(MEDIAN(H25:J25),0),ROUND(AVERAGE(H25:J25),0)),"") -> 349751 | L25: =IFERROR(K25*G25,"") -> 349751 | M25: Proceso FDLB-ES-C-120-2025 - PYBA | N25: =IFERROR(STDEV(H25:J25),"") -> 17059.331 | O25: =IFERROR(N25/AVERAGE(H25:J25),"") -> 0.048775652 | Q25: =COUNTIF(H25:J25,">0") -> 3 | R25: =1-(MIN(H25:J25)/K25) -> 0.048374415
B26: 22 | C26: Alojamiento | D26: ALOJAMIENTO DIARIA PACIENTE TALLA PEQUEÑA (<10 KG) | E26: INCLUYE CANIL Ó GATIL, ALIMENTACIÓN Y OBSERVACIÓN DEL PACIENTE, DILIGENCIAMIENTO DE DOCUMENTACIÓN FÍSICA Y/O DIGITAL RELACIONADA. | F26: Unidad | G26: 1 | H26: 76016.556 | I26: 76784.4 | J26: 77560 | K26: =IFERROR(IF(O26>(0.15),ROUND(MEDIAN(H26:J26),0),ROUND(AVERAGE(H26:J26),0)),"") -> 76787 | L26: =IFERROR(K26*G26,"") -> 76787 | M26: Proceso FDLB-ES-C-120-2025 - PYBA | N26: =IFERROR(STDEV(H26:J26),"") -> 771.72525 | O26: =IFERROR(N26/AVERAGE(H26:J26),"") -> 0.010050209 | Q26: =COUNTIF(H26:J26,">0") -> 3 | R26: =1-(MIN(H26:J26)/K26) -> 0.010033521
B27: 23 | C27: Alojamiento | D27: ALOJAMIENTO DIARIA PACIENTE TALLA MEDIANA (>10KG - 25 KG) | F27: Unidad | G27: 1 | H27: 104498.02 | I27: 103463.39 | J27: 102439 | K27: =IFERROR(IF(O27>(0.15),ROUND(MEDIAN(H27:J27),0),ROUND(AVERAGE(H27:J27),0)),"") -> 103467 | L27: =IFERROR(K27*G27,"") -> 103467 | M27: Proceso FDLB-ES-C-120-2025 - PYBA | N27: =IFERROR(STDEV(H27:J27),"") -> 1029.5162 | O27: =IFERROR(N27/AVERAGE(H27:J27),"") -> 0.0099502077 | Q27: =COUNTIF(H27:J27,">0") -> 3 | R27: =1-(MIN(H27:J27)/K27) -> 0.009935535
B28: 24 | C28: Alojamiento | D28: ALOJAMIENTO DIARIA PACIENTE TALLA GRANDE (>25 KG) | F28: Unidad | G28: 1 | H28: 106113.51 | I28: 107729.45 | J28: 109370 | K28: =IFERROR(IF(O28>(0.15),ROUND(MEDIAN(H28:J28),0),ROUND(AVERAGE(H28:J28),0)),"") -> 107738 | L28: =IFERROR(K28*G28,"") -> 107738 | M28: Proceso FDLB-ES-C-120-2025 - PYBA | N28: =IFERROR(STDEV(H28:J28),"") -> 1628.2614 | O28: =IFERROR(N28/AVERAGE(H28:J28),"") -> 0.015113206 | Q28: =COUNTIF(H28:J28,">0") -> 3 | R28: =1-(MIN(H28:J28)/K28) -> 0.015078169
B29: 25 | C29: Cuidado crítico | D29: UNIDAD DE CUIDADOS INTENSIVOS PACIENTE TALLA PEQUEÑA (0 KG – 10 KG) | E29: INCLUYE, PERSONAL MÉDICO, BOMBA DE INFUSIÓN, OXIGENO PERMANENTE, MONITOR DE SIGNOS VITALES, INCLUYE TODOS LOS INSUMOS, ALIMENTOS Y/O MEDICAMENTOS QUE REQUIERE EL PACIENTE PARA SU ADECUADA RECUPERACIÓN, DILIGENCIAMIENTO DE DOCUMENTACIÓN | F29: Unidad | G29: 1 | H29: 342189.83 | I29: 350963.92 | J29: 359963 | K29: =IFERROR(IF(O29>(0.15),ROUND(MEDIAN(H29:J29),0),ROUND(AVERAGE(H29:J29),0)),"") -> 351039 | L29: =IFERROR(K29*G29,"") -> 351039 | M29: Proceso FDLB-ES-C-120-2025 - PYBA | N29: =IFERROR(STDEV(H29:J29),"") -> 8886.8239 | O29: =IFERROR(N29/AVERAGE(H29:J29),"") -> 0.02531578 | Q29: =COUNTIF(H29:J29,">0") -> 3 | R29: =1-(MIN(H29:J29)/K29) -> 0.025208518
B30: 26 | C30: Cuidado crítico | D30: UNIDAD DE CUIDADOS INTENSIVOS PACIENTE TALLA MEDIANA (>10 KG - 25 KG) | F30: Unidad | G30: 1 | H30: 412353.23 | I30: 392717.36 | J30: 400732 | K30: =IFERROR(IF(O30>(0.15),ROUND(MEDIAN(H30:J30),0),ROUND(AVERAGE(H30:J30),0)),"") -> 401934 | L30: =IFERROR(K30*G30,"") -> 401934 | M30: Proceso FDLB-ES-C-120-2025 - PYBA | N30: =IFERROR(STDEV(H30:J30),"") -> 9872.9826 | O30: =IFERROR(N30/AVERAGE(H30:J30),"") -> 0.024563679 | Q30: =COUNTIF(H30:J30,">0") -> 3 | R30: =1-(MIN(H30:J30)/K30) -> 0.02293073
B31: 27 | C31: Cuidado crítico | D31: UNIDAD DE CUIDADOS INTENSIVOS PACIENTE TALLA GRANDE (>25 KG) | F31: Unidad | G31: 1 | H31: 451707.82 | I31: 456270.53 | J31: 451753 | K31: =IFERROR(IF(O31>(0.15),ROUND(MEDIAN(H31:J31),0),ROUND(AVERAGE(H31:J31),0)),"") -> 453244 | L31: =IFERROR(K31*G31,"") -> 453244 | M31: Proceso FDLB-ES-C-120-2025 - PYBA | N31: =IFERROR(STDEV(H31:J31),"") -> 2621.3355 | O31: =IFERROR(N31/AVERAGE(H31:J31),"") -> 0.0057835001 | Q31: =COUNTIF(H31:J31,">0") -> 3 | R31: =1-(MIN(H31:J31)/K31) -> 0.0033892899
B32: 28 | C32: Sedación | D32: Sedación paciente talla pequeña (0 KG – 10 KG) | E32: INCLUYE PERSONAL MÉDICO, MEDICAMENTOS, INSUMOS, DILIGENCIAMIENTO DE DOCUMENTACIÓN FÍSICA Y/O DIGITAL RELACIONADA. | F32: Unidad | G32: 1 | H32: 287902.49 | I32: 285051.97 | J32: 292361 | K32: =IFERROR(IF(O32>(0.15),ROUND(MEDIAN(H32:J32),0),ROUND(AVERAGE(H32:J32),0)),"") -> 288438 | L32: =IFERROR(K32*G32,"") -> 288438 | M32: Proceso FDLB-ES-C-120-2025 - PYBA | N32: =IFERROR(STDEV(H32:J32),"") -> 3683.8743 | O32: =IFERROR(N32/AVERAGE(H32:J32),"") -> 0.012771785 | Q32: =COUNTIF(H32:J32,">0") -> 3 | R32: =1-(MIN(H32:J32)/K32) -> 0.011739178
B33: 29 | C33: Sedación | D33: Sedación paciente talla mediana (>10 KG - 25 KG) | F33: Unidad | G33: 1 | H33: 364963.04 | I33: 370520.85 | J33: 352877 | K33: =IFERROR(IF(O33>(0.15),ROUND(MEDIAN(H33:J33),0),ROUND(AVERAGE(H33:J33),0)),"") -> 362787 | L33: =IFERROR(K33*G33,"") -> 362787 | M33: Proceso FDLB-ES-C-120-2025 - PYBA | N33: =IFERROR(STDEV(H33:J33),"") -> 9020.9665 | O33: =IFERROR(N33/AVERAGE(H33:J33),"") -> 0.024865741 | Q33: =COUNTIF(H33:J33,">0") -> 3 | R33: =1-(MIN(H33:J33)/K33) -> 0.027316304
B34: 30 | C34: Sedación | D34: Sedación paciente talla grande (>25 KG) | F34: Unidad | G34: 1 | H34: 419406.06 | I34: 415253.52 | J34: 419448 | K34: =IFERROR(IF(O34>(0.15),ROUND(MEDIAN(H34:J34),0),ROUND(AVERAGE(H34:J34),0)),"") -> 418036 | L34: =IFERROR(K34*G34,"") -> 418036 | M34: Proceso FDLB-ES-C-120-2025 - PYBA | N34: =IFERROR(STDEV(H34:J34),"") -> 2409.667 | O34: =IFERROR(N34/AVERAGE(H34:J34),"") -> 0.0057642591 | Q34: =COUNTIF(H34:J34,">0") -> 3 | R34: =1-(MIN(H34:J34)/K34) -> 0.0066560775
B35: 31 | C35: Anestesia | D35: ANESTESIA GENERAL INHALADA PACIENTE TALLA PEQUEÑA (0 KG – 10 KG) | E35: INCLUYE PERSONAL MÉDICO, USO DE QUIRÓFANO, EQUIPOS, MONITOR DE SIGNOS VITALES, MEDICAMENTOS, INSUMOS, DILIGENCIAMIENTO DE DOCUMENTACIÓN FÍSICA Y/O DIGITAL RELACIONADA. | F35: Unidad | G35: 1 | H35: 348197.5 | I35: 353500 | J35: 455000 | K35: =IFERROR(IF(O35>(0.15),ROUND(MEDIAN(H35:J35),0),ROUND(AVERAGE(H35:J35),0)),"") -> 353500 | L35: =IFERROR(K35*G35,"") -> 353500 | M35: Proceso FDLB-ES-C-120-2025 - PYBA | N35: =IFERROR(STDEV(H35:J35),"") -> 60190.172 | O35: =IFERROR(N35/AVERAGE(H35:J35),"") -> 0.15610868 | Q35: =COUNTIF(H35:J35,">0") -> 3 | R35: =1-(MIN(H35:J35)/K35) -> 0.015
B36: 32 | C36: Anestesia | D36: ANESTESIA GENERAL INHALADA PACIENTE TALLA MEDIANA (>10 KG - 25 KG) | F36: Unidad | G36: 1 | H36: 397940 | I36: 394000 | J36: 520000 | K36: =IFERROR(IF(O36>(0.15),ROUND(MEDIAN(H36:J36),0),ROUND(AVERAGE(H36:J36),0)),"") -> 397940 | L36: =IFERROR(K36*G36,"") -> 397940 | M36: Proceso FDLB-ES-C-120-2025 - PYBA | N36: =IFERROR(STDEV(H36:J36),"") -> 71635.847 | O36: =IFERROR(N36/AVERAGE(H36:J36),"") -> 0.16380897 | Q36: =COUNTIF(H36:J36,">0") -> 3 | R36: =1-(MIN(H36:J36)/K36) -> 0.0099009901
B37: 33 | C37: Anestesia | D37: ANESTESIA GENERAL INHALADA PACIENTE TALLA GRANDE (>25 KG) | F37: Unidad | G37: 1 | H37: 456300 | I37: 468000 | J37: 624000 | K37: =IFERROR(IF(O37>(0.15),ROUND(MEDIAN(H37:J37),0),ROUND(AVERAGE(H37:J37),0)),"") -> 468000 | L37: =IFERROR(K37*G37,"") -> 468000 | M37: Proceso FDLB-ES-C-120-2025 - PYBA | N37: =IFERROR(STDEV(H37:J37),"") -> 93627.079 | O37: =IFERROR(N37/AVERAGE(H37:J37),"") -> 0.18141267 | Q37: =COUNTIF(H37:J37,">0") -> 3 | R37: =1-(MIN(H37:J37)/K37) -> 0.025
B38: 34 | C38: Ecografía abdominal | D38: Procedimiento no invasivo que permite visualizar los órganos internos del abdomen, como el hígado, los riñones, el estómago y los intestinos, para detectar anomalías o enfermedades. | E38: INCLUYE PERSONAL MÉDICO, INSUMOS Y/O MATERIALES, INFORME E INTERPRETACIÓN, DILIGENCIAMIENTO DE DOCUMENTACIÓN FÍSICA Y/O DIGITAL RELACIONADA. | F38: Unidad | G38: 1 | H38: 263297.43 | I38: 250759.46 | J38: 255877 | K38: =IFERROR(IF(O38>(0.15),ROUND(MEDIAN(H38:J38),0),ROUND(AVERAGE(H38:J38),0)),"") -> 256645 | L38: =IFERROR(K38*G38,"") -> 256645 | M38: Proceso FDLB-ES-C-120-2025 - PYBA | N38: =IFERROR(STDEV(H38:J38),"") -> 6304.1363 | O38: =IFERROR(N38/AVERAGE(H38:J38),"") -> 0.024563679 | Q38: =COUNTIF(H38:J38,">0") -> 3 | R38: =1-(MIN(H38:J38)/K38) -> 0.022932611
B39: 35 | C39: Ecocardiograma doppler | D39: Tipo de ecografía que utiliza ondas sonoras para crear imágenes del corazón y evaluar el flujo sanguíneo. La técnica Doppler, en particular, mide la velocidad y la dirección del flujo sanguíneo | F39: Unidad | G39: 1 | H39: 638473.15 | I39: 644922.37 | J39: 638537 | K39: =IFERROR(IF(O39>(0.15),ROUND(MEDIAN(H39:J39),0),ROUND(AVERAGE(H39:J39),0)),"") -> 640644 | L39: =IFERROR(K39*G39,"") -> 640644 | M39: Proceso FDLB-ES-C-120-2025 - PYBA | N39: =IFERROR(STDEV(H39:J39),"") -> 3705.1656 | O39: =IFERROR(N39/AVERAGE(H39:J39),"") -> 0.0057835001 | Q39: =COUNTIF(H39:J39,">0") -> 3 | R39: =1-(MIN(H39:J39)/K39) -> 0.0033885492
B40: 36 | C40: Radiografia | D40: RADIOGRAFIA PEQUEÑA (PACIENTE TALLA PEQUEÑA (0 KG – 10 KG) | E40: INCLUYE PERSONAL MÉDICO, INSUMOS Y/O MATERIALES, INFORME E INTERPRETACIÓN, ENTREGA DE IMÁGENES RADIOGRÁFICAS EN FORMATO DE ALTA CALIDAD EN MEDIO MAGNÉTICO, DILIGENCIAMIENTO DE DOCUMENTACIÓN FÍSICA Y/O DIGITAL RELACIONADA. | F40: Unidad | G40: 1 | H40: 150739.62 | I40: 149247.15 | J40: 153074 | K40: =IFERROR(IF(O40>(0.15),ROUND(MEDIAN(H40:J40),0),ROUND(AVERAGE(H40:J40),0)),"") -> 151020 | L40: =IFERROR(K40*G40,"") -> 151020 | M40: Proceso FDLB-ES-C-120-2025 - PYBA | N40: =IFERROR(STDEV(H40:J40),"") -> 1928.7982 | O40: =IFERROR(N40/AVERAGE(H40:J40),"") -> 0.012771785 | Q40: =COUNTIF(H40:J40,">0") -> 3 | R40: =1-(MIN(H40:J40)/K40) -> 0.011739174
B41: 37 | C41: Radiografia | D41: RADIOGRAFIA MEDIANA (PACIENTE TALLA MEDIANA (>10 KG – 25 KG) | F41: Unidad | G41: 1 | H41: 158239.22 | I41: 160648.95 | J41: 152999 | K41: =IFERROR(IF(O41>(0.15),ROUND(MEDIAN(H41:J41),0),ROUND(AVERAGE(H41:J41),0)),"") -> 157296 | L41: =IFERROR(K41*G41,"") -> 157296 | M41: Proceso FDLB-ES-C-120-2025 - PYBA | N41: =IFERROR(STDEV(H41:J41),"") -> 3911.2746 | O41: =IFERROR(N41/AVERAGE(H41:J41),"") -> 0.024865741 | Q41: =COUNTIF(H41:J41,">0") -> 3 | R41: =1-(MIN(H41:J41)/K41) -> 0.027317923
B42: 38 | C42: Radiografia | D42: RADIOGRAFIA GRANDE (PACIENTE TALLA GRANDE (>25 KG) | F42: Unidad | G42: 1 | H42: 148511.43 | I42: 152319.42 | J42: 153858 | K42: =IFERROR(IF(O42>(0.15),ROUND(MEDIAN(H42:J42),0),ROUND(AVERAGE(H42:J42),0)),"") -> 151563 | L42: =IFERROR(K42*G42,"") -> 151563 | M42: Proceso FDLB-ES-C-120-2025 - PYBA | N42: =IFERROR(STDEV(H42:J42),"") -> 2752.3852 | O42: =IFERROR(N42/AVERAGE(H42:J42),"") -> 0.018160013 | Q42: =COUNTIF(H42:J42,">0") -> 3 | R42: =1-(MIN(H42:J42)/K42) -> 0.020133974
B43: 39 | C43: Radiografia | D43: RADIOGRAFIA DE CONTROL PEQUEÑA (PACIENTE TALLA PEQUEÑA (0 KG – 10 KG) | F43: Unidad | G43: 1 | H43: 106050 | I43: 101000 | J43: 130000 | K43: =IFERROR(IF(O43>(0.15),ROUND(MEDIAN(H43:J43),0),ROUND(AVERAGE(H43:J43),0)),"") -> 112350 | L43: =IFERROR(K43*G43,"") -> 112350 | M43: Proceso FDLB-ES-C-120-2025 - PYBA | N43: =IFERROR(STDEV(H43:J43),"") -> 15492.498 | O43: =IFERROR(N43/AVERAGE(H43:J43),"") -> 0.13789495 | Q43: =COUNTIF(H43:J43,">0") -> 3 | R43: =1-(MIN(H43:J43)/K43) -> 0.10102359
B44: 40 | C44: Radiografia | D44: RADIOGRAFIA DE CONTROL MEDIANA (PACIENTE TALLA MEDIANA (>10 KG – 25 KG) | F44: Unidad | G44: 1 | H44: 107266.5 | I44: 108350 | J44: 143000 | K44: =IFERROR(IF(O44>(0.15),ROUND(MEDIAN(H44:J44),0),ROUND(AVERAGE(H44:J44),0)),"") -> 108350 | L44: =IFERROR(K44*G44,"") -> 108350 | M44: Proceso FDLB-ES-C-120-2025 - PYBA | N44: =IFERROR(STDEV(H44:J44),"") -> 20325.188 | O44: =IFERROR(N44/AVERAGE(H44:J44),"") -> 0.17003 | Q44: =COUNTIF(H44:J44,">0") -> 3 | R44: =1-(MIN(H44:J44)/K44) -> 0.01
B45: 41 | C45: Radiografia | D45: RADIOGRAFIA DE CONTROL GRANDE (PACIENTE TALLA GRANDE (>25 KG) | F45: Unidad | G45: 1 | H45: 118170 | I45: 117000 | J45: 156000 | K45: =IFERROR(IF(O45>(0.15),ROUND(MEDIAN(H45:J45),0),ROUND(AVERAGE(H45:J45),0)),"") -> 118170 | L45: =IFERROR(K45*G45,"") -> 118170 | M45: Proceso FDLB-ES-C-120-2025 - PYBA | N45: =IFERROR(STDEV(H45:J45),"") -> 22186.624 | O45: =IFERROR(N45/AVERAGE(H45:J45),"") -> 0.17015587 | Q45: =COUNTIF(H45:J45,">0") -> 3 | R45: =1-(MIN(H45:J45)/K45) -> 0.0099009901
B46: 42 | C46: VENDAJE DE ROBERT JONES | D46: Procedimiento para inmovilización temporaria y compresión en casos de traumatismos, fracturas, luxaciones, | E46: INCLUYE PERSONAL MÉDICO, MATERIALES, ANESTESIA, INSUMOS, MEDICAMENTOS, DILIGENCIAMIENTO DE DOCUMENTACIÓN FÍSICA Y/O DIGITAL RELACIONADA. | F46: Unidad | G46: 1 | H46: 314285.27 | I46: 319071.34 | J46: 325583 | K46: =IFERROR(IF(O46>(0.15),ROUND(MEDIAN(H46:J46),0),ROUND(AVERAGE(H46:J46),0)),"") -> 319647 | L46: =IFERROR(K46*G46,"") -> 319647 | M46: Proceso FDLB-ES-C-120-2025 - PYBA | N46: =IFERROR(STDEV(H46:J46),"") -> 5670.7861 | O46: =IFERROR(N46/AVERAGE(H46:J46),"") -> 0.017740803 | Q46: =COUNTIF(H46:J46,">0") -> 3 | R46: =1-(MIN(H46:J46)/K46) -> 0.01677391
B47: 43 | C47: VENDAJE DE EHMER | D47: Procedimiento para la luxación de la articulación coxofemoral. | F47: Unidad | G47: 1 | H47: 287073.48 | I47: 284231.17 | J47: 281417 | K47: =IFERROR(IF(O47>(0.15),ROUND(MEDIAN(H47:J47),0),ROUND(AVERAGE(H47:J47),0)),"") -> 284241 | L47: =IFERROR(K47*G47,"") -> 284241 | M47: Proceso FDLB-ES-C-120-2025 - PYBA | N47: =IFERROR(STDEV(H47:J47),"") -> 2828.2525 | O47: =IFERROR(N47/AVERAGE(H47:J47),"") -> 0.0099502077 | Q47: =COUNTIF(H47:J47,">0") -> 3 | R47: =1-(MIN(H47:J47)/K47) -> 0.009935231
B48: 44 | C48: VENDAJE DE INMOVILIZACIÓN | D48: Inmovilización: en varias partes del cuerpo como la cabeza, el cuello, el pecho, la cola o las extremidades | F48: Unidad | G48: 1 | H48: 270313.87 | I48: 274430.33 | J48: 281467 | K48: =IFERROR(IF(O48>(0.15),ROUND(MEDIAN(H48:J48),0),ROUND(AVERAGE(H48:J48),0)),"") -> 275404 | L48: =IFERROR(K48*G48,"") -> 275404 | M48: Proceso FDLB-ES-C-120-2025 - PYBA | N48: =IFERROR(STDEV(H48:J48),"") -> 5639.9217 | O48: =IFERROR(N48/AVERAGE(H48:J48),"") -> 0.020478741 | Q48: =COUNTIF(H48:J48,">0") -> 3 | R48: =1-(MIN(H48:J48)/K48) -> 0.018482411
B49: 45 | C49: Hemograma | D49: Evalúa recuento de glóbulos rojos, hematocrito, hemoglobina, V.C.H, H.C.M, plaquetas, recuento diferencial leucocitario, proteínas plasmáticas, plasmáticas totales y diferenciadas, relación albúmina globulinas. los recuentos deben ser automatizados. | E49: INCLUYE PERSONAL MÉDICO, INSUMOS Y/O MATERIALES PARA LA TOMA, PROCESAMIENTO, INTERPRETACIÓN Y CORRELACIÓN CON LA CLÍNICA DEL PACIENTE, DILIGENCIAMIENTO DE DOCUMENTACIÓN FÍSICA Y/O DIGITAL RELACIONADA. | F49: Unidad | G49: 1 | H49: 67565.516 | I49: 66896.55 | J49: 63711 | K49: =IFERROR(IF(O49>(0.15),ROUND(MEDIAN(H49:J49),0),ROUND(AVERAGE(H49:J49),0)),"") -> 66058 | L49: =IFERROR(K49*G49,"") -> 66058 | M49: Proceso FDLB-ES-C-120-2025 - PYBA | N49: =IFERROR(STDEV(H49:J49),"") -> 2059.6332 | O49: =IFERROR(N49/AVERAGE(H49:J49),"") -> 0.031179311 | Q49: =COUNTIF(H49:J49,">0") -> 3 | R49: =1-(MIN(H49:J49)/K49) -> 0.035529383
B50: 46 | C50: Frotis para hemoparásitos | D50: Coloración de giemsa. evalúa presencia o ausencia de hemoparásitos, recuento manual de plaquetas, línea roja y línea blanca. | E50: INCLUYE PERSONAL MÉDICO, INSUMOS Y/O MATERIALES PARA LA TOMA, PROCESAMIENTO, INTERPRETACIÓN Y CORRELACIÓN CON LA CLÍNICA DEL PACIENTE. DILIGENCIAMIENTO DE DOCUMENTACIÓN FÍSICA Y/O DIGITAL RELACIONADA. | F50: Unidad | G50: 1 | H50: 63143.759 | I50: 64762.83 | J50: 65417 | K50: =IFERROR(IF(O50>(0.15),ROUND(MEDIAN(H50:J50),0),ROUND(AVERAGE(H50:J50),0)),"") -> 64441 | L50: =IFERROR(K50*G50,"") -> 64441 | M50: Proceso FDLB-ES-C-120-2025 - PYBA | N50: =IFERROR(STDEV(H50:J50),"") -> 1170.253 | O50: =IFERROR(N50/AVERAGE(H50:J50),"") -> 0.018160013 | Q50: =COUNTIF(H50:J50,">0") -> 3 | R50: =1-(MIN(H50:J50)/K50) -> 0.020130674
B51: 47 | C51: Hematocrito y hemoglobina | D51: Indican la cantidad de glóbulos rojos en la sangre y la cantidad de proteína que transporta oxígeno dentro de ellos, respectivamente | E51: INCLUYE PERSONAL MÉDICO, INSUMOS Y/O MATERIALES PARA LA TOMA, PROCESAMIENTO, INTERPRETACIÓN Y CORRELACIÓN CON LA CLÍNICA DEL PACIENTE. DILIGENCIAMIENTO DE DOCUMENTACIÓN FÍSICA Y/O DIGITAL RELACIONADA. | F51: Unidad | G51: 1 | H51: 58327.5 | I51: 55550 | J51: 71500 | K51: =IFERROR(IF(O51>(0.15),ROUND(MEDIAN(H51:J51),0),ROUND(AVERAGE(H51:J51),0)),"") -> 61793 | L51: =IFERROR(K51*G51,"") -> 61793 | M51: Proceso FDLB-ES-C-120-2025 - PYBA | N51: =IFERROR(STDEV(H51:J51),"") -> 8520.874 | O51: =IFERROR(N51/AVERAGE(H51:J51),"") -> 0.13789495 | Q51: =COUNTIF(H51:J51,">0") -> 3 | R51: =1-(MIN(H51:J51)/K51) -> 0.10103086
B52: 48 | C52: Recuento de plaquetas | D52: Análisis de sangre que mide la cantidad de plaquetas en la sangre | F52: Unidad | G52: 1 | H52: 53633.25 | I52: 54175 | J52: 71500 | K52: =IFERROR(IF(O52>(0.15),ROUND(MEDIAN(H52:J52),0),ROUND(AVERAGE(H52:J52),0)),"") -> 54175 | L52: =IFERROR(K52*G52,"") -> 54175 | M52: Proceso FDLB-ES-C-120-2025 - PYBA | N52: =IFERROR(STDEV(H52:J52),"") -> 10162.594 | O52: =IFERROR(N52/AVERAGE(H52:J52),"") -> 0.17003 | Q52: =COUNTIF(H52:J52,">0") -> 3 | R52: =1-(MIN(H52:J52)/K52) -> 0.01
B53: 49 | C53: Recuento de reticulocitos | D53: Análisis de sangre que mide la cantidad de reticulocitos (glóbulos rojos jóvenes) en la sangre | F53: Unidad | G53: 1 | H53: 54161.25 | I53: 53625 | J53: 71500 | K53: =IFERROR(IF(O53>(0.15),ROUND(MEDIAN(H53:J53),0),ROUND(AVERAGE(H53:J53),0)),"") -> 54161 | L53: =IFERROR(K53*G53,"") -> 54161 | M53: Proceso FDLB-ES-C-120-2025 - PYBA | N53: =IFERROR(STDEV(H53:J53),"") -> 10168.869 | O53: =IFERROR(N53/AVERAGE(H53:J53),"") -> 0.17015587 | Q53: =COUNTIF(H53:J53,">0") -> 3 | R53: =1-(MIN(H53:J53)/K53) -> 0.0098964199
B54: 50 | C54: Bioquímica sanguínea - Laboratorio clínico | D54: AMILOIDE SÉRICO A FELINO | E54: INCLUYE PERSONAL MÉDICO, INSUMOS Y/O MATERIALES PARA LA TOMA, PROCESAMIENTO, INTERPRETACIÓN Y CORRELACIÓN CON LA CLÍNICA DEL PACIENTE. DILIGENCIAMIENTO DE DOCUMENTACIÓN FÍSICA Y/O DIGITAL RELACIONADA. | F54: Unidad | G54: 1 | H54: 135142 | I54: 137200 | J54: 182000 | K54: =IFERROR(IF(O54>(0.15),ROUND(MEDIAN(H54:J54),0),ROUND(AVERAGE(H54:J54),0)),"") -> 137200 | L54: =IFERROR(K54*G54,"") -> 137200 | M54: Proceso FDLB-ES-C-120-2025 - PYBA | N54: =IFERROR(STDEV(H54:J54),"") -> 26479.387 | O54: =IFERROR(N54/AVERAGE(H54:J54),"") -> 0.17484221 | Q54: =COUNTIF(H54:J54,">0") -> 3 | R54: =1-(MIN(H54:J54)/K54) -> 0.015
B55: 51 | D55: BUN | F55: Unidad | G55: 1 | H55: 55790.026 | I55: 57220.54 | J55: 56654 | K55: =IFERROR(IF(O55>(0.15),ROUND(MEDIAN(H55:J55),0),ROUND(AVERAGE(H55:J55),0)),"") -> 56555 | L55: =IFERROR(K55*G55,"") -> 56555 | M55: Proceso FDLB-ES-C-120-2025 - PYBA | N55: =IFERROR(STDEV(H55:J55),"") -> 720.39187 | O55: =IFERROR(N55/AVERAGE(H55:J55),"") -> 0.012737931 | Q55: =COUNTIF(H55:J55,">0") -> 3 | R55: =1-(MIN(H55:J55)/K55) -> 0.013526187
B56: 52 | D56: CREATININA | F56: Unidad | G56: 1 | H56: 60552.765 | I56: 57669.3 | J56: 59148 | K56: =IFERROR(IF(O56>(0.15),ROUND(MEDIAN(H56:J56),0),ROUND(AVERAGE(H56:J56),0)),"") -> 59123 | L56: =IFERROR(K56*G56,"") -> 59123 | M56: Proceso FDLB-ES-C-120-2025 - PYBA | N56: =IFERROR(STDEV(H56:J56),"") -> 1441.8905 | O56: =IFERROR(N56/AVERAGE(H56:J56),"") -> 0.024387832 | Q56: =COUNTIF(H56:J56,">0") -> 3 | R56: =1-(MIN(H56:J56)/K56) -> 0.024587724
B57: 53 | D57: RELACIÓN BUN-CREATININA | F57: Unidad | G57: 1 | H57: 67567.5 | I57: 68250 | J57: 84500 | K57: =IFERROR(IF(O57>(0.15),ROUND(MEDIAN(H57:J57),0),ROUND(AVERAGE(H57:J57),0)),"") -> 73439 | L57: =IFERROR(K57*G57,"") -> 73439 | M57: Proceso FDLB-ES-C-120-2025 - PYBA | N57: =IFERROR(STDEV(H57:J57),"") -> 9585.0392 | O57: =IFERROR(N57/AVERAGE(H57:J57),"") -> 0.13051672 | Q57: =COUNTIF(H57:J57,">0") -> 3 | R57: =1-(MIN(H57:J57)/K57) -> 0.079950707
B58: 54 | D58: SDMA (DIMETIL ARGININA SIMÉTRICA) | F58: Unidad | G58: 1 | H58: 351747.82 | I58: 348265.17 | J58: 351783 | K58: =IFERROR(IF(O58>(0.15),ROUND(MEDIAN(H58:J58),0),ROUND(AVERAGE(H58:J58),0)),"") -> 350599 | L58: =IFERROR(K58*G58,"") -> 350599 | M58: Proceso FDLB-ES-C-120-2025 - PYBA | N58: =IFERROR(STDEV(H58:J58),"") -> 2020.9415 | O58: =IFERROR(N58/AVERAGE(H58:J58),"") -> 0.0057642591 | Q58: =COUNTIF(H58:J58,">0") -> 3 | R58: =1-(MIN(H58:J58)/K58) -> 0.0066566933
B59: 55 | D59: UREA SANGUÍNEA | F59: Unidad | G59: 1 | H59: 54716.75 | I59: 55550 | J59: 71500 | K59: =IFERROR(IF(O59>(0.15),ROUND(MEDIAN(H59:J59),0),ROUND(AVERAGE(H59:J59),0)),"") -> 55550 | L59: =IFERROR(K59*G59,"") -> 55550 | M59: Proceso FDLB-ES-C-120-2025 - PYBA | N59: =IFERROR(STDEV(H59:J59),"") -> 9458.4555 | O59: =IFERROR(N59/AVERAGE(H59:J59),"") -> 0.15610868 | Q59: =COUNTIF(H59:J59,">0") -> 3 | R59: =1-(MIN(H59:J59)/K59) -> 0.015
B60: 56 | D60: ÁCIDOS BILIARES | F60: Unidad | G60: 1 | H60: 89536.5 | I60: 88650 | J60: 117000 | K60: =IFERROR(IF(O60>(0.15),ROUND(MEDIAN(H60:J60),0),ROUND(AVERAGE(H60:J60),0)),"") -> 89537 | L60: =IFERROR(K60*G60,"") -> 89537 | M60: Proceso FDLB-ES-C-120-2025 - PYBA | N60: =IFERROR(STDEV(H60:J60),"") -> 16118.066 | O60: =IFERROR(N60/AVERAGE(H60:J60),"") -> 0.16380897 | Q60: =COUNTIF(H60:J60,">0") -> 3 | R60: =1-(MIN(H60:J60)/K60) -> 0.0099065191
B61: 57 | D61: ÁCIDOS BILIARES PRE Y POST PRANDIAL | F61: Unidad | G61: 1 | H61: 153660 | I61: 156000 | J61: 208000 | K61: =IFERROR(IF(O61>(0.15),ROUND(MEDIAN(H61:J61),0),ROUND(AVERAGE(H61:J61),0)),"") -> 156000 | L61: =IFERROR(K61*G61,"") -> 156000 | M61: Proceso FDLB-ES-C-120-2025 - PYBA | N61: =IFERROR(STDEV(H61:J61),"") -> 30720.002 | O61: =IFERROR(N61/AVERAGE(H61:J61),"") -> 0.17803193 | Q61: =COUNTIF(H61:J61,">0") -> 3 | R61: =1-(MIN(H61:J61)/K61) -> 0.015
B62: 58 | D62: ALT – SGPT | F62: Unidad | G62: 1 | H62: 56102.854 | I62: 55547.38 | J62: 56681 | K62: =IFERROR(IF(O62>(0.15),ROUND(MEDIAN(H62:J62),0),ROUND(AVERAGE(H62:J62),0)),"") -> 56110 | L62: =IFERROR(K62*G62,"") -> 56110 | M62: Proceso FDLB-ES-C-120-2025 - PYBA | N62: =IFERROR(STDEV(H62:J62),"") -> 566.84779 | O62: =IFERROR(N62/AVERAGE(H62:J62),"") -> 0.010102364 | Q62: =COUNTIF(H62:J62,">0") -> 3 | R62: =1-(MIN(H62:J62)/K62) -> 0.01002709
B63: 59 | D63: AMONIO PLASMÁTICO | F63: Unidad | G63: 1 | H63: 104738.01 | I63: 107423.6 | J63: 106360 | K63: =IFERROR(IF(O63>(0.15),ROUND(MEDIAN(H63:J63),0),ROUND(AVERAGE(H63:J63),0)),"") -> 106174 | L63: =IFERROR(K63*G63,"") -> 106174 | M63: Proceso FDLB-ES-C-120-2025 - PYBA | N63: =IFERROR(STDEV(H63:J63),"") -> 1352.4355 | O63: =IFERROR(N63/AVERAGE(H63:J63),"") -> 0.012737931 | Q63: =COUNTIF(H63:J63,">0") -> 3 | R63: =1-(MIN(H63:J63)/K63) -> 0.013524874
B64: 60 | D64: AST – SGOT | F64: Unidad | G64: 1 | H64: 59132.824 | I64: 56316.975 | J64: 57761 | K64: =IFERROR(IF(O64>(0.15),ROUND(MEDIAN(H64:J64),0),ROUND(AVERAGE(H64:J64),0)),"") -> 57737 | L64: =IFERROR(K64*G64,"") -> 57737 | M64: Proceso FDLB-ES-C-120-2025 - PYBA | N64: =IFERROR(STDEV(H64:J64),"") -> 1408.0786 | O64: =IFERROR(N64/AVERAGE(H64:J64),"") -> 0.024387832 | Q64: =COUNTIF(H64:J64,">0") -> 3 | R64: =1-(MIN(H64:J64)/K64) -> 0.024594714
B65: 61 | D65: BILIRRUBINA TOTAL | F65: Unidad | G65: 1 | H65: 62370 | I65: 63000 | J65: 78000 | K65: =IFERROR(IF(O65>(0.15),ROUND(MEDIAN(H65:J65),0),ROUND(AVERAGE(H65:J65),0)),"") -> 67790 | L65: =IFERROR(K65*G65,"") -> 67790 | M65: Proceso FDLB-ES-C-120-2025 - PYBA | N65: =IFERROR(STDEV(H65:J65),"") -> 8847.7285 | O65: =IFERROR(N65/AVERAGE(H65:J65),"") -> 0.13051672 | Q65: =COUNTIF(H65:J65,">0") -> 3 | R65: =1-(MIN(H65:J65)/K65) -> 0.079952795
B66: 62 | D66: BILIRRUBINA DIRECTA | F66: Unidad | G66: 1 | H66: 59994 | I66: 59400 | J66: 78000 | K66: =IFERROR(IF(O66>(0.15),ROUND(MEDIAN(H66:J66),0),ROUND(AVERAGE(H66:J66),0)),"") -> 59994 | L66: =IFERROR(K66*G66,"") -> 59994 | M66: Proceso FDLB-ES-C-120-2025 - PYBA | N66: =IFERROR(STDEV(H66:J66),"") -> 10571.415 | O66: =IFERROR(N66/AVERAGE(H66:J66),"") -> 0.16066468 | Q66: =COUNTIF(H66:J66,">0") -> 3 | R66: =1-(MIN(H66:J66)/K66) -> 0.0099009901
... B96: 92 | D96: TRIGLICÉRIDOS | F96: Unidad | G96: 1 | H96: 51602.988 | I96: 52124.23 | J96: 52918 | K96: =IFERROR(IF(O96>(0.15),ROUND(MEDIAN(H96:J96),0),ROUND(AVERAGE(H96:J96),0)),"") -> 52215 | L96: =IFERROR(K96*G96,"") -> 52215 | M96: Proceso FDLB-ES-C-120-2025 - PYBA | N96: =IFERROR(STDEV(H96:J96),"") -> 662.19606 | O96: =IFERROR(N96/AVERAGE(H96:J96),"") -> 0.012682086 | Q96: =COUNTIF(H96:J96,">0") -> 3 | R96: =1-(MIN(H96:J96)/K96) -> 0.011721005
B97: 93 | C97: Hormonas - Laboratorio clínico | D97: CORTISOL PLASMÁTICO SERIADO (AM-PM 2 MUESTRAS) | E97: INCLUYE PERSONAL MÉDICO, INSUMOS Y/O MATERIALES PARA LA TOMA, PROCESAMIENTO, INTERPRETACIÓN Y CORRELACIÓN CON LA CLÍNICA DEL PACIENTE. DILIGENCIAMIENTO DE DOCUMENTACIÓN FÍSICA Y/O DIGITAL RELACIONADA. | F97: Unidad | G97: 1 | H97: 196950 | I97: 195000 | J97: 260000 | K97: =IFERROR(IF(O97>(0.15),ROUND(MEDIAN(H97:J97),0),ROUND(AVERAGE(H97:J97),0)),"") -> 196950 | L97: =IFERROR(K97*G97,"") -> 196950 | M97: Proceso FDLB-ES-C-120-2025 - PYBA | N97: =IFERROR(STDEV(H97:J97),"") -> 36977.707 | O97: =IFERROR(N97/AVERAGE(H97:J97),"") -> 0.17015587 | Q97: =COUNTIF(H97:J97,">0") -> 3 | R97: =1-(MIN(H97:J97)/K97) -> 0.0099009901
B98: 94 | D98: HORMONA ADRENOCORTICOTROPA (ACTH) | F98: Unidad | G98: 1 | H98: 135142 | I98: 137200 | J98: 182000 | K98: =IFERROR(IF(O98>(0.15),ROUND(MEDIAN(H98:J98),0),ROUND(AVERAGE(H98:J98),0)),"") -> 137200 | L98: =IFERROR(K98*G98,"") -> 137200 | M98: Proceso FDLB-ES-C-120-2025 - PYBA | N98: =IFERROR(STDEV(H98:J98),"") -> 26479.387 | O98: =IFERROR(N98/AVERAGE(H98:J98),"") -> 0.17484221 | Q98: =COUNTIF(H98:J98,">0") -> 3 | R98: =1-(MIN(H98:J98)/K98) -> 0.015
B99: 95 | D99: HORMONA ESTIMULANTE DE TIROIDES (TSH CANINA O FELINA) | F99: Unidad | G99: 1 | H99: 122412 | I99: 121200 | J99: 156000 | K99: =IFERROR(IF(O99>(0.15),ROUND(MEDIAN(H99:J99),0),ROUND(AVERAGE(H99:J99),0)),"") -> 133204 | L99: =IFERROR(K99*G99,"") -> 133204 | M99: Proceso FDLB-ES-C-120-2025 - PYBA | N99: =IFERROR(STDEV(H99:J99),"") -> 19751.214 | O99: =IFERROR(N99/AVERAGE(H99:J99),"") -> 0.14827793 | Q99: =COUNTIF(H99:J99,">0") -> 3 | R99: =1-(MIN(H99:J99)/K99) -> 0.090117414
B100: 96 | D100: INSULINA | F100: Unidad | G100: 1 | H100: 143423.36 | I100: 145607.48 | J100: 149341 | K100: =IFERROR(IF(O100>(0.15),ROUND(MEDIAN(H100:J100),0),ROUND(AVERAGE(H100:J100),0)),"") -> 146124 | L100: =IFERROR(K100*G100,"") -> 146124 | M100: Proceso FDLB-ES-C-120-2025 - PYBA | N100: =IFERROR(STDEV(H100:J100),"") -> 2992.4345 | O100: =IFERROR(N100/AVERAGE(H100:J100),"") -> 0.020478741 | Q100: =COUNTIF(H100:J100,">0") -> 3 | R100: =1-(MIN(H100:J100)/K100) -> 0.018481818
B101: 97 | D101: TIROXINA LIBRE (T4 LIBRE) | F101: Unidad | G101: 1 | H101: 84840 | I101: 84000 | J101: 104000 | K101: =IFERROR(IF(O101>(0.15),ROUND(MEDIAN(H101:J101),0),ROUND(AVERAGE(H101:J101),0)),"") -> 90947 | L101: =IFERROR(K101*G101,"") -> 90947 | M101: Proceso FDLB-ES-C-120-2025 - PYBA | N101: =IFERROR(STDEV(H101:J101),"") -> 11312.318 | O101: =IFERROR(N101/AVERAGE(H101:J101),"") -> 0.12438408 | Q101: =COUNTIF(H101:J101,">0") -> 3 | R101: =1-(MIN(H101:J101)/K101) -> 0.076385147
B102: 98 | D102: TIROXINA TOTAL (T4 TOTAL) | F102: Unidad | G102: 1 | H102: 77220 | I102: 79200 | J102: 104000 | K102: =IFERROR(IF(O102>(0.15),ROUND(MEDIAN(H102:J102),0),ROUND(AVERAGE(H102:J102),0)),"") -> 79200 | L102: =IFERROR(K102*G102,"") -> 79200 | M102: Proceso FDLB-ES-C-120-2025 - PYBA | N102: =IFERROR(STDEV(H102:J102),"") -> 14922.739 | O102: =IFERROR(N102/AVERAGE(H102:J102),"") -> 0.17190775 | Q102: =COUNTIF(H102:J102,">0") -> 3 | R102: =1-(MIN(H102:J102)/K102) -> 0.025
B103: 99 | D103: TRIYODOTIRONINA TOTAL (T3 TOTAL) | F103: Unidad | G103: 1 | H103: 88200 | I103: 84000 | J103: 104000 | K103: =IFERROR(IF(O103>(0.15),ROUND(MEDIAN(H103:J103),0),ROUND(AVERAGE(H103:J103),0)),"") -> 92067 | L103: =IFERROR(K103*G103,"") -> 92067 | M103: Proceso FDLB-ES-C-120-2025 - PYBA | N103: =IFERROR(STDEV(H103:J103),"") -> 10545.773 | O103: =IFERROR(N103/AVERAGE(H103:J103),"") -> 0.11454497 | Q103: =COUNTIF(H103:J103,">0") -> 3 | R103: =1-(MIN(H103:J103)/K103) -> 0.087620972
B104: 100 | C104: Parasitologia - Laboratorio clínico | D104: COPROLÓGICO | E104: INCLUYE PERSONAL MÉDICO, INSUMOS Y/O MATERIALES PARA LA TOMA, PROCESAMIENTO, INTERPRETACIÓN Y CORRELACIÓN CON LA CLÍNICA DEL PACIENTE. DILIGENCIAMIENTO DE DOCUMENTACIÓN FÍSICA Y/O DIGITAL RELACIONADA. | F104: Unidad | G104: 1 | H104: 85012.894 | I104: 85871.61 | J104: 86739 | K104: =IFERROR(IF(O104>(0.15),ROUND(MEDIAN(H104:J104),0),ROUND(AVERAGE(H104:J104),0)),"") -> 85875 | L104: =IFERROR(K104*G104,"") -> 85875 | M104: Proceso FDLB-ES-C-120-2025 - PYBA | N104: =IFERROR(STDEV(H104:J104),"") -> 863.05668 | O104: =IFERROR(N104/AVERAGE(H104:J104),"") -> 0.010050209 | Q104: =COUNTIF(H104:J104,">0") -> 3 | R104: =1-(MIN(H104:J104)/K104) -> 0.010039081
B105: 101 | D105: COPROLÓGICO (TÉCNICA DE CONCENTRACIÓN) | F105: Unidad | G105: 1 | H105: 87728.6 | I105: 86860 | J105: 111800 | K105: =IFERROR(IF(O105>(0.15),ROUND(MEDIAN(H105:J105),0),ROUND(AVERAGE(H105:J105),0)),"") -> 95463 | L105: =IFERROR(K105*G105,"") -> 95463 | M105: Proceso FDLB-ES-C-120-2025 - PYBA | N105: =IFERROR(STDEV(H105:J105),"") -> 14155.037 | O105: =IFERROR(N105/AVERAGE(H105:J105),"") -> 0.14827793 | Q105: =COUNTIF(H105:J105,">0") -> 3 | R105: =1-(MIN(H105:J105)/K105) -> 0.090118685
B106: 102 | D106: COPROLÓGICO Y COLORACIÓN DE GRAM | F106: Unidad | G106: 1 | H106: 97022.5 | I106: 98500 | J106: 130000 | K106: =IFERROR(IF(O106>(0.15),ROUND(MEDIAN(H106:J106),0),ROUND(AVERAGE(H106:J106),0)),"") -> 98500 | L106: =IFERROR(K106*G106,"") -> 98500 | M106: Proceso FDLB-ES-C-120-2025 - PYBA | N106: =IFERROR(STDEV(H106:J106),"") -> 18627.706 | O106: =IFERROR(N106/AVERAGE(H106:J106),"") -> 0.17167206 | Q106: =COUNTIF(H106:J106,">0") -> 3 | R106: =1-(MIN(H106:J106)/K106) -> 0.015
B107: 103 | D107: COPROLÓGICO SERIADO (3 MUESTRAS) | F107: Unidad | G107: 1 | H107: 194093.86 | I107: 199070.62 | J107: 204175 | K107: =IFERROR(IF(O107>(0.15),ROUND(MEDIAN(H107:J107),0),ROUND(AVERAGE(H107:J107),0)),"") -> 199113 | L107: =IFERROR(K107*G107,"") -> 199113 | M107: Proceso FDLB-ES-C-120-2025 - PYBA | N107: =IFERROR(STDEV(H107:J107),"") -> 5040.7049 | O107: =IFERROR(N107/AVERAGE(H107:J107),"") -> 0.02531578 | Q107: =COUNTIF(H107:J107,">0") -> 3 | R107: =1-(MIN(H107:J107)/K107) -> 0.025207498
B108: 104 | D108: COPROSCÓPICO | F108: Unidad | G108: 1 | H108: 96752.754 | I108: 92145.48 | J108: 94026 | K108: =IFERROR(IF(O108>(0.15),ROUND(MEDIAN(H108:J108),0),ROUND(AVERAGE(H108:J108),0)),"") -> 94308 | L108: =IFERROR(K108*G108,"") -> 94308 | M108: Proceso FDLB-ES-C-120-2025 - PYBA | N108: =IFERROR(STDEV(H108:J108),"") -> 2316.5534 | O108: =IFERROR(N108/AVERAGE(H108:J108),"") -> 0.024563679 | Q108: =COUNTIF(H108:J108,">0") -> 3 | R108: =1-(MIN(H108:J108)/K108) -> 0.022930398
B109: 105 | D109: COPROSCÓPICO SERIADO (3 MUESTRAS) | F109: Unidad | G109: 1 | H109: 219978 | I109: 222200 | J109: 286000 | K109: =IFERROR(IF(O109>(0.15),ROUND(MEDIAN(H109:J109),0),ROUND(AVERAGE(H109:J109),0)),"") -> 222200 | L109: =IFERROR(K109*G109,"") -> 222200 | M109: Proceso FDLB-ES-C-120-2025 - PYBA | N109: =IFERROR(STDEV(H109:J109),"") -> 37492.848 | O109: =IFERROR(N109/AVERAGE(H109:J109),"") -> 0.15446573 | Q109: =COUNTIF(H109:J109,">0") -> 3 | R109: =1-(MIN(H109:J109)/K109) -> 0.01
B110: 106 | D110: FROTIS DE OÍDO E IDENTIFICACIÓN DE MALASSEZIA SP | F110: Unidad | G110: 1 | H110: 88627.5 | I110: 87750 | J110: 117000 | K110: =IFERROR(IF(O110>(0.15),ROUND(MEDIAN(H110:J110),0),ROUND(AVERAGE(H110:J110),0)),"") -> 88628 | L110: =IFERROR(K110*G110,"") -> 88628 | M110: Proceso FDLB-ES-C-120-2025 - PYBA | N110: =IFERROR(STDEV(H110:J110),"") -> 16639.968 | O110: =IFERROR(N110/AVERAGE(H110:J110),"") -> 0.17015587 | Q110: =COUNTIF(H110:J110,">0") -> 3 | R110: =1-(MIN(H110:J110)/K110) -> 0.0099065758
B111: 107 | D111: RASPADO DE PIEL | F111: Unidad | G111: 1 | H111: 82138.067 | I111: 83388.9 | J111: 79418 | K111: =IFERROR(IF(O111>(0.15),ROUND(MEDIAN(H111:J111),0),ROUND(AVERAGE(H111:J111),0)),"") -> 81648 | L111: =IFERROR(K111*G111,"") -> 81648 | M111: Proceso FDLB-ES-C-120-2025 - PYBA | N111: =IFERROR(STDEV(H111:J111),"") -> 2030.246 | O111: =IFERROR(N111/AVERAGE(H111:J111),"") -> 0.024865741 | Q111: =COUNTIF(H111:J111,">0") -> 3 | R111: =1-(MIN(H111:J111)/K111) -> 0.027312365
B112: 108 | D112: RECUENTO DE BAERMANN | F112: Unidad | G112: 1 | H112: 89991 | I112: 89100 | J112: 117000 | K112: =IFERROR(IF(O112>(0.15),ROUND(MEDIAN(H112:J112),0),ROUND(AVERAGE(H112:J112),0)),"") -> 89991 | L112: =IFERROR(K112*G112,"") -> 89991 | M112: Proceso FDLB-ES-C-120-2025 - PYBA | N112: =IFERROR(STDEV(H112:J112),"") -> 15857.122 | O112: =IFERROR(N112/AVERAGE(H112:J112),"") -> 0.16066468 | Q112: =COUNTIF(H112:J112,">0") -> 3 | R112: =1-(MIN(H112:J112)/K112) -> 0.0099009901
B113: 109 | D113: RECUENTO LEUCOCITARIO EN HECES | F113: Unidad | G113: 1 | H113: 93082.5 | I113: 94500 | J113: 117000 | K113: =IFERROR(IF(O113>(0.15),ROUND(MEDIAN(H113:J113),0),ROUND(AVERAGE(H113:J113),0)),"") -> 101528 | L113: =IFERROR(K113*G113,"") -> 101528 | M113: Proceso FDLB-ES-C-120-2025 - PYBA | N113: =IFERROR(STDEV(H113:J113),"") -> 13418.309 | O113: =IFERROR(N113/AVERAGE(H113:J113),"") -> 0.13216428 | Q113: =COUNTIF(H113:J113,">0") -> 3 | R113: =1-(MIN(H113:J113)/K113) -> 0.083183949
B114: 110 | D114: RECUENTO DE MAC MÁSTER | F114: Unidad | G114: 1 | H114: 89991 | I114: 89100 | J114: 117000 | K114: =IFERROR(IF(O114>(0.15),ROUND(MEDIAN(H114:J114),0),ROUND(AVERAGE(H114:J114),0)),"") -> 89991 | L114: =IFERROR(K114*G114,"") -> 89991 | M114: Proceso FDLB-ES-C-120-2025 - PYBA | N114: =IFERROR(STDEV(H114:J114),"") -> 15857.122 | O114: =IFERROR(N114/AVERAGE(H114:J114),"") -> 0.16066468 | Q114: =COUNTIF(H114:J114,">0") -> 3 | R114: =1-(MIN(H114:J114)/K114) -> 0.0099009901
B115: 111 | C115: Uroanálisis - Laboratorio clínico | D115: GLUCOSURIA | E115: INCLUYE PERSONAL MÉDICO, INSUMOS Y/O MATERIALES PARA LA TOMA, PROCESAMIENTO, INTERPRETACIÓN Y CORRELACIÓN CON LA CLÍNICA DEL PACIENTE. DILIGENCIAMIENTO DE DOCUMENTACIÓN FÍSICA Y/O DIGITAL RELACIONADA. | F115: Unidad | G115: 1 | H115: 49237.5 | I115: 50500 | J115: 65000 | K115: =IFERROR(IF(O115>(0.15),ROUND(MEDIAN(H115:J115),0),ROUND(AVERAGE(H115:J115),0)),"") -> 50500 | L115: =IFERROR(K115*G115,"") -> 50500 | M115: Proceso FDLB-ES-C-120-2025 - PYBA | N115: =IFERROR(STDEV(H115:J115),"") -> 8758.8081 | O115: =IFERROR(N115/AVERAGE(H115:J115),"") -> 0.15950481 | Q115: =COUNTIF(H115:J115,">0") -> 3 | R115: =1-(MIN(H115:J115)/K115) -> 0.025
B116: 112 | D116: PROTEINURIA | F116: Unidad | G116: 1 | H116: 51712.5 | I116: 49250 | J116: 65000 | K116: =IFERROR(IF(O116>(0.15),ROUND(MEDIAN(H116:J116),0),ROUND(AVERAGE(H116:J116),0)),"") -> 51713 | L116: =IFERROR(K116*G116,"") -> 51713 | M116: Proceso FDLB-ES-C-120-2025 - PYBA | N116: =IFERROR(STDEV(H116:J116),"") -> 8472.3478 | O116: =IFERROR(N116/AVERAGE(H116:J116),"") -> 0.15314932 | Q116: =COUNTIF(H116:J116,">0") -> 3 | R116: =1-(MIN(H116:J116)/K116) -> 0.047628256
B117: 113 | D117: RELACIÓN PROTEÍNAS – CREATININA – ALBÚMINA EN ORINA | F117: Unidad | G117: 1 | H117: 77220 | I117: 78000 | J117: 104000 | K117: =IFERROR(IF(O117>(0.15),ROUND(MEDIAN(H117:J117),0),ROUND(AVERAGE(H117:J117),0)),"") -> 78000 | L117: =IFERROR(K117*G117,"") -> 78000 | M117: Proceso FDLB-ES-C-120-2025 - PYBA | N117: =IFERROR(STDEV(H117:J117),"") -> 15241.264 | O117: =IFERROR(N117/AVERAGE(H117:J117),"") -> 0.17638991 | Q117: =COUNTIF(H117:J117,">0") -> 3 | R117: =1-(MIN(H117:J117)/K117) -> 0.01
B118: 114 | D118: RELACIÓN CALCIO – CREATININA EN ORINA | F118: Unidad | G118: 1 | H118: 79184 | I118: 78400 | J118: 104000 | K118: =IFERROR(IF(O118>(0.15),ROUND(MEDIAN(H118:J118),0),ROUND(AVERAGE(H118:J118),0)),"") -> 79184 | L118: =IFERROR(K118*G118,"") -> 79184 | M118: Proceso FDLB-ES-C-120-2025 - PYBA | N118: =IFERROR(STDEV(H118:J118),"") -> 14559.124 | O118: =IFERROR(N118/AVERAGE(H118:J118),"") -> 0.16697264 | Q118: =COUNTIF(H118:J118,">0") -> 3 | R118: =1-(MIN(H118:J118)/K118) -> 0.0099009901
B119: 115 | D119: RELACIÓN GGT – CREATININA EN ORINA | F119: Unidad | G119: 1 | H119: 279068.36 | I119: 283318.13 | J119: 280513 | K119: =IFERROR(IF(O119>(0.15),ROUND(MEDIAN(H119:J119),0),ROUND(AVERAGE(H119:J119),0)),"") -> 280966 | L119: =IFERROR(K119*G119,"") -> 280966 | M119: Proceso FDLB-ES-C-120-2025 - PYBA | N119: =IFERROR(STDEV(H119:J119),"") -> 2160.8758 | O119: =IFERROR(N119/AVERAGE(H119:J119),"") -> 0.0076908666 | Q119: =COUNTIF(H119:J119,">0") -> 3 | R119: =1-(MIN(H119:J119)/K119) -> 0.0067539914
B120: 116 | D120: UROANÁLISIS | F120: Unidad | G120: 1 | H120: 79879.191 | I120: 81927.375 | J120: 83175 | K120: =IFERROR(IF(O120>(0.15),ROUND(MEDIAN(H120:J120),0),ROUND(AVERAGE(H120:J120),0)),"") -> 81661 | L120: =IFERROR(K120*G120,"") -> 81661 | M120: Proceso FDLB-ES-C-120-2025 - PYBA | N120: =IFERROR(STDEV(H120:J120),"") -> 1664.0306 | O120: =IFERROR(N120/AVERAGE(H120:J120),"") -> 0.020377418 | Q120: =COUNTIF(H120:J120,">0") -> 3 | R120: =1-(MIN(H120:J120)/K120) -> 0.021819588
B121: 117 | D121: UROANÁLISIS Y COLORACIÓN DE GRAM | F121: Unidad | G121: 1 | H121: 122850 | I121: 117000 | J121: 156000 | K121: =IFERROR(IF(O121>(0.15),ROUND(MEDIAN(H121:J121),0),ROUND(AVERAGE(H121:J121),0)),"") -> 122850 | L121: =IFERROR(K121*G121,"") -> 122850 | M121: Proceso FDLB-ES-C-120-2025 - PYBA | N121: =IFERROR(STDEV(H121:J121),"") -> 21032.297 | O121: =IFERROR(N121/AVERAGE(H121:J121),"") -> 0.15939596 | Q121: =COUNTIF(H121:J121,">0") -> 3 | R121: =1-(MIN(H121:J121)/K121) -> 0.047619048
B122: 118 | C122: Citopatologia - Laboratorio clínico | D122: ANÁLISIS CITOQUÍMICO DE LÍQUIDOS Y FLUIDOS | E122: INCLUYE PERSONAL MÉDICO, INSUMOS Y/O MATERIALES PARA LA TOMA, PROCESAMIENTO, INTERPRETACIÓN Y CORRELACIÓN CON LA CLÍNICA DEL PACIENTE. DILIGENCIAMIENTO DE DOCUMENTACIÓN FÍSICA Y/O DIGITAL RELACIONADA. | F122: Unidad | G122: 1 | H122: 123185.32 | I122: 124429.62 | J122: 126969 | K122: =IFERROR(IF(O122>(0.15),ROUND(MEDIAN(H122:J122),0),ROUND(AVERAGE(H122:J122),0)),"") -> 124861 | L122: =IFERROR(K122*G122,"") -> 124861 | M122: Proceso FDLB-ES-C-120-2025 - PYBA | N122: =IFERROR(STDEV(H122:J122),"") -> 1928.4246 | O122: =IFERROR(N122/AVERAGE(H122:J122),"") -> 0.015444533 | Q122: =COUNTIF(H122:J122,">0") -> 3 | R122: =1-(MIN(H122:J122)/K122) -> 0.013420333
B123: 119 | D123: ANÁLISIS CITOQUÍMICO DE LÍQUIDOS Y FLUIDOS, QUÍMICAS SANGUÍNEAS DE CORRELACIÓN (BILIRRUBINAS, GLUCOSA, LDH, AMILASA, COLESTEROL, FOSFATASA ALCALINA) | F123: Unidad | G123: 1 | H123: 285628 | I123: 282800 | J123: 364000 | K123: =IFERROR(IF(O123>(0.15),ROUND(MEDIAN(H123:J123),0),ROUND(AVERAGE(H123:J123),0)),"") -> 310809 | L123: =IFERROR(K123*G123,"") -> 310809 | M123: Proceso FDLB-ES-C-120-2025 - PYBA | N123: =IFERROR(STDEV(H123:J123),"") -> 46086.166 | O123: =IFERROR(N123/AVERAGE(H123:J123),"") -> 0.14827793 | Q123: =COUNTIF(H123:J123,">0") -> 3 | R123: =1-(MIN(H123:J123)/K123) -> 0.090116438
B124: 120 | D124: CITOLOGÍA EXFOLIATIVA | F124: Unidad | G124: 1 | H124: 101301.32 | I124: 102843.97 | J124: 105481 | K124: =IFERROR(IF(O124>(0.15),ROUND(MEDIAN(H124:J124),0),ROUND(AVERAGE(H124:J124),0)),"") -> 103209 | L124: =IFERROR(K124*G124,"") -> 103209 | M124: Proceso FDLB-ES-C-120-2025 - PYBA | N124: =IFERROR(STDEV(H124:J124),"") -> 2113.5855 | O124: =IFERROR(N124/AVERAGE(H124:J124),"") -> 0.020478741 | Q124: =COUNTIF(H124:J124,">0") -> 3 | R124: =1-(MIN(H124:J124)/K124) -> 0.018483704
B125: 121 | D125: CITOLOGÍA POR ASPIRACIÓN CON AGUJA FINA | F125: Unidad | G125: 1 | H125: 193036.45 | I125: 191125.2 | J125: 182024 | K125: =IFERROR(IF(O125>(0.15),ROUND(MEDIAN(H125:J125),0),ROUND(AVERAGE(H125:J125),0)),"") -> 188729 | L125: =IFERROR(K125*G125,"") -> 188729 | M125: Proceso FDLB-ES-C-120-2025 - PYBA | N125: =IFERROR(STDEV(H125:J125),"") -> 5884.4261 | O125: =IFERROR(N125/AVERAGE(H125:J125),"") -> 0.031179311 | Q125: =COUNTIF(H125:J125,">0") -> 3 | R125: =1-(MIN(H125:J125)/K125) -> 0.035527131
B126: 122 | D126: DIRECTO Y GRAM DE SECRECIONES | F126: Unidad | G126: 1 | H126: 97515 | I126: 99000 | J126: 130000 | K126: =IFERROR(IF(O126>(0.15),ROUND(MEDIAN(H126:J126),0),ROUND(AVERAGE(H126:J126),0)),"") -> 99000 | L126: =IFERROR(K126*G126,"") -> 99000 | M126: Proceso FDLB-ES-C-120-2025 - PYBA | N126: =IFERROR(STDEV(H126:J126),"") -> 18341.576 | O126: =IFERROR(N126/AVERAGE(H126:J126),"") -> 0.16852129 | Q126: =COUNTIF(H126:J126,">0") -> 3 | R126: =1-(MIN(H126:J126)/K126) -> 0.015
B127: 123 | D127: IMPRONTA DE CÓRNEA, SECRECIÓN OCULAR | F127: Unidad | G127: 1 | H127: 159075 | I127: 157500 | J127: 195000 | K127: =IFERROR(IF(O127>(0.15),ROUND(MEDIAN(H127:J127),0),ROUND(AVERAGE(H127:J127),0)),"") -> 170525 | L127: =IFERROR(K127*G127,"") -> 170525 | M127: Proceso FDLB-ES-C-120-2025 - PYBA | N127: =IFERROR(STDEV(H127:J127),"") -> 21210.596 | O127: =IFERROR(N127/AVERAGE(H127:J127),"") -> 0.12438408 | Q127: =COUNTIF(H127:J127,">0") -> 3 | R127: =1-(MIN(H127:J127)/K127) -> 0.076381762
B128: 124 | D128: IMPRONTA NASAL, SECRECIÓN NASAL | F128: Unidad | G128: 1 | H128: 144787.5 | I128: 148500 | J128: 195000 | K128: =IFERROR(IF(O128>(0.15),ROUND(MEDIAN(H128:J128),0),ROUND(AVERAGE(H128:J128),0)),"") -> 148500 | L128: =IFERROR(K128*G128,"") -> 148500 | M128: Proceso FDLB-ES-C-120-2025 - PYBA | N128: =IFERROR(STDEV(H128:J128),"") -> 27980.135 | O128: =IFERROR(N128/AVERAGE(H128:J128),"") -> 0.17190775 | Q128: =COUNTIF(H128:J128,">0") -> 3 | R128: =1-(MIN(H128:J128)/K128) -> 0.025
B129: 125 | C129: Microbiologia - Laboratorio clínico | D129: ANTIBIOGRAMA PARA MICROORGANISMOS DE EXTREMA RESISTENCIA | E129: INCLUYE PERSONAL MÉDICO, INSUMOS Y/O MATERIALES PARA LA TOMA, PROCESAMIENTO, INTERPRETACIÓN Y CORRELACIÓN CON LA CLÍNICA DEL PACIENTE. DILIGENCIAMIENTO DE DOCUMENTACIÓN FÍSICA Y/O DIGITAL RELACIONADA. | F129: Unidad | G129: 1 | H129: 215502.08 | I129: 205240.08 | J129: 203208 | K129: =IFERROR(IF(O129>(0.15),ROUND(MEDIAN(H129:J129),0),ROUND(AVERAGE(H129:J129),0)),"") -> 207983 | L129: =IFERROR(K129*G129,"") -> 207983 | M129: Proceso FDLB-ES-C-120-2025 - PYBA | N129: =IFERROR(STDEV(H129:J129),"") -> 6590.1767 | O129: =IFERROR(N129/AVERAGE(H129:J129),"") -> 0.031686073 | Q129: =COUNTIF(H129:J129,">0") -> 3 | R129: =1-(MIN(H129:J129)/K129) -> 0.022958607
B130: 126 | D130: COPROCULTIVO – CON RECUENTO DE COLONIAS, ANTIBIOGRAMA, Y RECUENTO LEUCOCITARIO | F130: Unidad | G130: 1 | H130: 175527 | I130: 177300 | J130: 234000 | K130: =IFERROR(IF(O130>(0.15),ROUND(MEDIAN(H130:J130),0),ROUND(AVERAGE(H130:J130),0)),"") -> 177300 | L130: =IFERROR(K130*G130,"") -> 177300 | M130: Proceso FDLB-ES-C-120-2025 - PYBA | N130: =IFERROR(STDEV(H130:J130),"") -> 33259.398 | O130: =IFERROR(N130/AVERAGE(H130:J130),"") -> 0.17003 | Q130: =COUNTIF(H130:J130,">0") -> 3 | R130: =1-(MIN(H130:J130)/K130) -> 0.01
...

Sheet Historicos
A3: No. | B3: Año | C3: Proceso | D3: Valor proceso | E3: Canon de arrendamiento | F3: Valor Canon 2025
A4: 1 | B4: 2024 | C4: 643-2024 CTO-ARRE (122973) | D4: 168313600 | E4: =D4/8 -> 21039200 | F4: =E4 * (1+$B$8) -> 21884976
A6: IPC 2023 | B6: 0.1099
A7: IPC 2024 | B7: 0.0458
A8: IPC 2025 | B8: 0.0402

Sheet Hoja2
A2: Proveedores | B2: 500
A3: Cotizaciones | B3: 1

Sheet Hoja1
A2: Proveedores | B2: 916
A3: Cotizaciones | B3: 1
